 Dungeon Crawl Stone Soup version 0.22-a0-113-gdd6f4a9 (webtiles) character file.

1284750 Sergey the Hoplite (level 27, -10/302 HPs)
             Began as a Human Abyssal Knight on Jan 26, 2018.
             Was the Champion of Lugonu.
             Mangled by Gloorx Vloq (29 damage)
             ... on level 4 of the Depths on Jan 28, 2018.
             The game lasted 16:55:57 (79802 turns).

Sergey the Hoplite (Human Abyssal Knight)          Turns: 79802, Time: 16:55:58

Health: -10/302    AC: 28    Str: 18 (19) XL:     27
Magic:  17/55      EV: 30    Int: 19      God:    Lugonu [******]
Gold:   2298       SH: 33    Dex: 17      Spells: 8/72 levels left

rFire    + + .     SeeInvis +   q - +9 double sword (vamp)
rCold    + . .     Gourm    .   r - +8 large shield {rN+}
rNeg     + + .     Faith    .   (armour currently unavailable)
rPois    ∞         Spirit   .   V - +0 helmet "Wuttell" {+Blink rF+ Dex+2}
rElec    +         Reflect  .   y - scarf {repulsion}
rCorr    .         Harm     .   (gloves currently unavailable)
MR       ++++.     Rnd*Rage +   (boots currently unavailable) Stlth +.........Rnd*Tele +
                                n - amulet of regeneration
HPRegen  1.00/turn              M - ring of see invisible
MPRegen  0.34/turn              J - ring "Luokitog" {+Blink rF+ rC+ MR+ Stlth+, =R}

@: statue-form, contaminated, glowing, repel missiles, very slow
A: berserk 1, deterioration 1, high mp 1, magic resistance 1, poison resistance,
strong 1, teleportitis 2, subdued magic 1
0: Orb of Zot
}: 15/15 runes: serpentine, barnacled, slimy, silver, golden, iron, obsidian,
icy, bone, abyssal, demonic, glowing, magical, fiery, dark
a: End Transformation, Depart the Abyss, Bend Space, Banish, Corrupt, Enter the
Abyss, Renounce Religion, Evoke Blink


You were on level 4 of the Depths.
You worshipped Lugonu.
Lugonu was exalted by your worship.
You were near starving.
You were a stone statue.
You visited 17 branches of the dungeon, and saw 89 of its levels.
You visited Pandemonium 3 times, and saw 18 of its levels.
You visited the Abyss 7 times.
You visited 1 bazaar.
You visited 1 ziggurat, and saw 11 of its levels.
You also visited: Labyrinth and Volcano.

You collected 11771 gold pieces.
You spent 9473 gold pieces at shops.

Inventory:

Hand Weapons
 e - a +9 demon blade of distortion
 q - a +9 vampiric double sword (weapon)
 w - a +6 eudemon blade of holy wrath
Missiles
 a - 14 javelins of penetration
 j - 12 steel javelins
 R - 38 javelins (quivered)
 X - 13 throwing nets {!f}
Armour
 b - the +2 hat of the Bear Spirit {Spirit, +Rage rN+ MR++}
   (You found it on level 5 of the Pits of Slime)

   It protects you from negative energy.
   It affects your resistance to hostile enchantments.
   It lets you go berserk.
 p - a +4 troll leather armour (melded)
 r - a +8 large shield of positive energy (worn)
 y - a scarf of repulsion (worn)
 Q - a +2 pair of boots (melded)
 U - the cursed +0 pair of gloves "Haivvoec" (melded) {MR+ Int+6}
   (You bought it in a shop on level 1 of the Vaults)

   It affects your intelligence (+6).
   It affects your resistance to hostile enchantments.
   It has a curse placed upon it.
 V - the +0 helmet "Wuttell" (worn) {+Blink rF+ Dex+2}
   (You found it in Pandemonium)

   It affects your dexterity (+2).
   It protects you from fire.
   It lets you blink.
Jewellery
 k - an uncursed ring of protection from cold
 m - an uncursed ring of resist corrosion
 n - an amulet of regeneration (around neck)
 E - an uncursed ring of protection from fire
 J - the ring "Luokitog" (right hand) {+Blink rF+ rC+ MR+ Stlth+, =R}
   (You bought it in a shop on level 5 of the Vaults)

   [ring of protection from magic]

   It protects you from fire.
   It protects you from cold.
   It affects your resistance to hostile enchantments.
   It lets you blink.
   It makes you more stealthy.
 M - a ring of see invisible (left hand)
Wands
 l - a wand of acid (16)
 v - a wand of digging (21)
 x - a wand of clouds (6)
 C - a wand of paralysis (23)
 S - a wand of iceblast (16)
Scrolls
 i - 8 scrolls of teleportation {@r3}
 s - a scroll of silence
 z - 6 scrolls of blinking
 H - 28 scrolls of remove curse {@r2}
 K - 4 scrolls of vulnerability
 W - 23 scrolls of identify {@r1}
Potions
 c - 6 potions of flight
 g - 3 potions of resistance
 h - 2 potions of invisibility
 o - 4 potions of agility
 t - 5 potions of brilliance
 u - 18 potions of curing {@q2}
 A - 3 potions of haste
 F - 2 potions of heal wounds {@q1}
 G - 3 potions of might
 N - a potion of magic
 P - a potion of cancellation
Miscellaneous
 B - a lightning rod (4/4)
 I - a figurine of a ziggurat
 O - a lamp of fire
 T - a phantom mirror
 Z - a phial of floods
Comestibles
 f - 13 rations


   Skills:
 + Level 22.6 Fighting
 - Level 16.0 Long Blades
 - Level 10.0 Throwing
 - Level 8.0 Armour
 + Level 22.6 Dodging
 - Level 25.0 Shields
 - Level 4.3 Unarmed Combat
 - Level 23.0 Spellcasting
 - Level 5.0 Conjurations
 - Level 7.0 Charms
   Level 3.0 Summonings
 - Level 15.0 Necromancy
 - Level 20.0 Translocations
 - Level 12.0 Transmutations
   Level 3.0 Ice Magic
 - Level 12.0 Earth Magic
 - Level 18.0 Invocations
 - Level 10.0 Evocations


You had 8 spell levels left.
You knew the following spells:

 Your Spells              Type           Power        Failure   Level  Hunger
a - Dispel Undead         Necr           ######..     1%          5    None
b - Animate Dead          Necr           N/A          1%          4    None
c - Disjunction           Tloc           ######....   2%          8    ######.
d - Irradiate             Conj/Tmut      #####.....   1%          5    None
e - Passage of Golubria   Tloc           N/A          0%          4    None
f - Regeneration          Chrm/Necr      #####.....   1%          3    None
g - Sublimation of Blood  Necr           ######....   0%          2    None
h - Passwall              Tmut/Erth      ######....   0%          2    None
i - Animate Skeleton      Necr           N/A          0%          1    None
j - Apportation           Tloc           ######       0%          1    None
q - Lesser Beckoning      Tloc           ######....   0%          3    None
r - Song of Slaying       Chrm           #####...     1%          2    None
s - Statue Form           Tmut/Erth      ######...    1%          6    ###....
w - Controlled Blink      Tloc           N/A          2%          8    ######.
x - Lee's Rapid Deconstr  Erth           ######....   1%          5    None
z - Borgnjor's Vile Clut  Necr/Erth      ######....   1%          5    None


Dungeon Overview and Level Annotations

Branches:
Dungeon (15/15)            Temple (0/1) D:6            Lair (6/6) D:11
 Shoals (4/4) Lair:3        Snake (4/4) Lair:4        Slime (5/5) Lair:6
    Orc (2/2) D:11            Elf (3/3) Orc:2        Vaults (5/5) D:14
  Crypt (3/3) Vaults:2       Tomb (3/3) Crypt:3      Depths (5/5) D:15
   Hell (1/1)                 Dis (7/7) Hell            Geh (7/7) Hell
    Coc (7/7) Hell            Tar (7/7) Hell            Zot (5/5) Depths:5

Altars:
Elyvilon
Kikubaaqudgha
Qazlal
Ru
Sif Muna
Xom
Yredelemnul
The Shining One
Beogh

Shops:
D:9 }   Orc:1 =   Orc:2 *[*(:*   Elf:1 %!%   Snake:2 [   Vaults:1 =?[}
Vaults:2 }   Vaults:3 !   Vaults:4 *   Vaults:5 ([[?=%

Portals:
Hell: Depths:1 Depths:2 Depths:3 Depths:4
Abyss: Depths:1 Depths:3 Depths:4
Pandemonium: Depths:3 Depths:4

Annotations:
D:2 exclusion: downstairs
D:3 exclusion: downstairs, kal9871's ghost, amateur DsSk
D:5 exclusion: 2 upstairs
D:6 exclusion: downstairs
Shoals:3 exclusion: upstairs
Snake:2 exclusion: downstairs
Snake:4 corrupted
Orc:2 exclusion: upstairs
Elf:3 corrupted, 1 exclusion, Mara
Vaults:3 exclusion: downstairs
Tomb:1 corrupted, exclusion: downstairs
Tomb:3 corrupted
Depths:2 exclusion: downstairs
Depths:4 Gloorx Vloq
Dis:7 corrupted
Geh:7 Asmodeus
Coc:7 Antaeus
Tar:1 exclusion: 2 oklob plants
Tar:7 corrupted, Ereshkigal
Zot:5 corrupted, exclusion: upstairs
Abyss:1 Cerebov; Polyphemus; Serpent of Hell


Innate Abilities, Weirdness & Mutations

((You are partially covered in molten scales. (AC +2)))
((You are partially covered in slimy green scales. (AC +2)))
((You are partially covered in yellow scales. (AC +2)))
You tend to lose your temper in combat.
Your body sometimes deteriorates upon taking damage.
You have an increased reservoir of magic. (+10% MP)
You are resistant to hostile enchantments. (MR+)
Your system is resistant to poisons. (rPois)
Your muscles are strong. (Str +2)
You are sometimes teleported next to monsters.
Your spells are a little easier to cast, but a little less powerful.


Message History

You block the Executioner's attack.
The Executioner hits you but does no damage.
You block the Executioner's attack. The Executioner hits you!
* * * LOW HITPOINT WARNING * * *
You block the Executioner's attack. x2; You block the jiangshi's attack.
The jiangshi claws you but does no damage.
The Executioner hits you!
* * * LOW HITPOINT WARNING * * *
The Executioner hits you but does no damage.
You block the Executioner's attack. The jiangshi claws you.
* * * LOW HITPOINT WARNING * * *
The jiangshi barely misses you.
The curse skull calls on the powers of darkness!
Your body is wracked with pain!
* * * LOW HITPOINT WARNING * * *
The Executioner gestures at you. You resist with almost no effort.
The Executioner completely misses you.
The Executioner hits you but does no damage. x2
Gloorx Vloq hits you!!
You die...

.≈≈.....................Z..#
.≈≈........................#
#≈≈(......................##
#≈≈................#.....##
#≈≈..............####...##
#≈≈.(..............###.##
#≈≈.()...............##
#≈≈..(.......∩W.&1.#.###
#≈≈........W..W1V8##...##
#≈≈........W.sz##1......####
#≈≈...........§##./........#
.≈≈.........s...#.....####.#
.≈≈............&#..##...##
.≈≈..#....Wz...#..#..##..#
≈≈≈..##.z......#..#....#.#
≈Z.......W...##....#.....#
≈...>.z.>.#.#......#..##.#


You could see Gloorx Vloq, 3 Executioners, a jiangshi, a demonic crawler, 2
shadow wraiths, a curse skull, a phantasmal warrior and a freezing wraith.

Vanquished Creatures
  the Royal Jelly (Slime:5)
  Mnoleg (Pan)
  Khufu (Tomb:1)
  5 orbs of fire (Zot:5)
  4 ancient liches
  28 greater mummies
  A shard shrike (Coc:1)
  2 Killer Klowns (Zot:5)
  A curse toe (Zot:1)
  Geryon (Hell)
  Jory (Depths:3)
  A profane servitor (Crypt:3)
  6 golden dragons
  2 electric golems (Zot:5)
  8 bone dragons
  A hellephant (Abyss:3)
  Jorgrun (Crypt:2)
  24 Brimstone Fiends
  4 iron giants
  8 Tzitzimimeh
  15 tentacled monstrosities
  The ghost of confidenceinterval the Severer, an adept MiBe of Trog (Depths:4)
  5 doom hounds
  Rupert (D:15)
  11 liches
  6 Hell Sentinels
  23 Orb Guardians
  7 quicksilver dragons (Dis:7)
  A shard shrike skeleton (Crypt:2)
  13 Ice Fiends
  4 titans
  A deep elf blademaster (Elf:2)
  11 tentacled starspawn
  6 sphinxes
  11 ancient champions
  An eldritch tentacle (Pan)
  9 shadow dragons
  12 Executioners
  16 acid blobs
  Kirke (Shoals:2)
  7 tengu reavers
  5 death cobs
  Donald (Abyss:1)
  Roxanne (D:14)
  6 storm dragons
  A thorn hunter (Zig:7)
  8 azure jellies
  2 draconian monks
  8 nagarajas
  Ilsuiw (Shoals:4)
  6 revenants
  13 daevas (Pan)
  7 frost giants
  4 fire giants
  8 deep elf sorcerers
  2 draconian knights
  24 balrugs
  A ghost moth (Zot:1)
  13 vault wardens
  13 iron dragons
  A caustic shrike zombie (Hell)
  4 curse skulls
  3 draconian scorchers
  13 cacodemons
  3 deep elf elementalists
  14 angels
  A draconian stormcaller (Depths:5)
  Aizul (Snake:1)
  4 ironheart preservers
  4 draconian annihilators
  A warmonger (Pan)
  2 draconian shifters
  3 ghouls
  A caustic shrike skeleton (Depths:2)
  2 elemental wellsprings (Coc:7)
  20 stone giants
  14 apis (Pan)
  2 spriggan defenders
  47 reapers
  A juggernaut skeleton (Zig:4)
  12 very ugly things
  12 ophanim (Pan)
  A blood saint (Pan)
  22 war gargoyles
  3 entropy weavers
  A corrupter (Pan)
  6 bennus
  6 green draconians
  12 vampire knights
  Nessos (Abyss:1)
  7 red draconians
  4 lorocyprocas
  5 deep elf demonologists
  A dire elephant (D:15)
  3 black draconians
  6 deep elf annihilators
  7 purple draconians
  2 black suns (Pan)
  An eidolon (Abyss:1)
  2 white draconians
  4 yellow draconians
  14 ettins
  9 green deaths
  7 blizzard demons
  2 spark wasps
  5 merfolk javelineers (Shoals:4)
  A crystal guardian (Vaults:5)
  21 death oozes
  23 mummy priests
  12 deep elf death magi
  13 yaktaur captains
  7 merfolk impalers
  Josephine (Abyss:1)
  4 fire dragons
  23 jiangshi
  4 deep elf high priests
  9 quicksilver dragon zombies
  9 ogre magi
  18 ice dragons
  24 vault guards
  3 monstrous demonspawn (Pan)
  4 quicksilver dragon skeletons
  9 great orbs of eyes
  A hell beast (Pan)
  10 rakshasas
  4 ghost crabs
  A catoblepas (Shoals:2)
  11 naga warriors
  4 anacondas
  A spriggan air mage (Depths:2)
  7 hydras
  10 centaur warriors
  An anaconda (shapeshifter) (Depths:2)
  A merfolk avatar (Shoals:1)
  7 merfolk aquamancers
  21 dancing weapons
  2 alligators
  7 death knights
  Erica (D:10)
  A satyr (Shoals:3)
  7 two-headed ogres
  6 deep troll shamans
  Urug (Abyss:1)
  A tengu warrior (Depths:1)
  2 spriggan berserkers
  10 vampire magi
  8 death yaks
  6 orc high priests
  42 hell hogs
  10 deep troll earth magi
  32 death scarabs
  5 titan zombies
  44 sun demons
  7 thrashing horrors
  2 shock serpents
  11 deep elf knights
  18 naga sharpshooters
  13 wretched stars
  9 iron golems
  12 soul eaters
  A spriggan (Depths:2)
  9 storm dragon zombies
  11 iron trolls
  14 sixfirhies
  99 skeletal warriors
  A fire crab (shapeshifter) (Vaults:5)
  44 hell knights
  4 titan skeletons
  A death drake (Tar:2)
  11 shadow wraiths
  An iron troll (shapeshifter) (Zig:3)
  12 sea snakes
  A gelid demonspawn (Pan)
  2 spatial maelstroms (Abyss:1)
  12 glowing orange brains
  3 golden dragon zombies
  5 wizards
  2 salamander mystics
  4 storm dragon skeletons
  9 shadow demons
  3 torturous demonspawn
  A death drake (shapeshifter) (Vaults:5)
  12 flayed ghosts
  A tengu zombie (Hell)
  20 deep trolls
  10 cherubim (Pan)
  2 infernal demonspawn (Pan)
  6 anaconda zombies
  5 deep elf archers
  3 unseen horrors
  A ghost moth zombie (Coc:1)
  3 shadow dragon zombies
  2 spark wasp zombies
  6 swamp dragons
  5 golden dragon skeletons
  6 naga ritualists
  A shambling mangrove (Zig:10)
  A lindwurm (shapeshifter) (Vaults:5)
  6 anaconda skeletons
  13 necromancers
  14 ironbrand convokers
  18 orc knights
  21 harpies
  16 phantasmal warriors
  A harpy (shapeshifter) (Vaults:2)
  An orb spider (shapeshifter) (Depths:1)
  11 stone giant zombies
  4 wolf spider zombies
  12 mana vipers
  10 oklob plants
  15 fire giant zombies
  15 frost giant zombies
  4 salamanders
  34 ugly things
  34 deep elf magi
  7 shining eyes
  4 orc sorcerers
  4 cyclopes
  2 shadow dragon skeletons
  8 manticores
  A faun (shapeshifter) (Zig:3)
  7 wolf spiders
  8 iron dragon zombies
  A moth of wrath (shapeshifter) (Depths:2)
  A salamander (shapeshifter) (D:12)
  2 merfolk sirens
  2 worldbinders (Abyss:1)
  2 fauns (Shoals:3)
  A centaur zombie (D:11)
  13 elephants
  14 moths of wrath
  6 iron dragon skeletons
  2 guardian serpents
  7 fire giant skeletons
  4 frost giant skeletons
  3 dire elephant zombies
  Joseph (Abyss:1)
  6 water nymphs
  3 shock serpent zombies
  The ghost of anet the Magician, a novice DEWz (D:6)
  23 smoke demons
  4 eyes of devastation
  A torpor snail (Lair:6)
  4 stone giant skeletons
  2 gargoyles
  31 rust devils
  2 shock serpent skeletons
  28 black mambas
  17 naga magi
  A black mamba (shapeshifter) (Depths:2)
  16 spiny frogs
  An apocalypse crab (Abyss:1)
  14 vault sentinels
  25 orange demons
  4 dire elephant skeletons
  3 ice statues
  10 molten gargoyles
  A catoblepas zombie (Geh:3)
  A rime drake (shapeshifter) (D:13)
  31 hellions
  5 rime drakes
  32 freezing wraiths
  2 komodo dragons
  2 catoblepas skeletons
  11 efreet
  A black draconian zombie (Crypt:2)
  48 yaktaurs
  6 demonic crawlers
  3 emperor scorpion zombies
  12 hydra zombies
  A yaktaur (shapeshifter) (Vaults:5)
  27 ice devils
  2 ancient zymes
  2 golden dragon simulacra (Coc:7)
  A minotaur zombie (Lab)
  A queen bee (shapeshifter) (Vaults:2)
  41 tormentors
  37 guardian mummies
  28 merfolk
  A queen bee (Lair:2)
  6 trolls
  A harpy zombie (Geh:1)
  A tengu conjurer (D:14)
  18 hellwings
  26 red devils
  2 harpy skeletons
  3 meliai (D:14)
  A wolf spider simulacrum (Crypt:3)
  7 silent spectres
  4 wind drakes
  A hornet (shapeshifter) (Vaults:5)
  8 hydra skeletons
  2 jumping spiders (Vaults:2)
  2 tyrant leeches (Zig:10)
  6 hornets
  3 polar bears
  Grinder (D:4)
  3 fire dragon zombies
  14 hippogriffs
  5 bog bodies
  A deep troll zombie (Hell)
  60 slime creatures
  16 raiju
  A satyr zombie (Crypt:1)
  9 snapping turtles
  35 blink frogs
  6 ettin zombies
  5 alligator zombies
  3 frost giant simulacra
  A stone giant simulacrum (Coc:3)
  A dream sheep (shapeshifter) (Vaults:5)
  124 flying skulls
  3 ice dragon zombies
  A centaur simulacrum (D:13)
  A fire giant simulacrum (Vaults:1)
  A spriggan zombie (Hell)
  13 water elementals
  3 ettin skeletons
  7 redbacks
  7 fire dragon skeletons
  An ice dragon skeleton (Geh:5)
  A spriggan (shapeshifter) (Vaults:3)
  16 ynoxinuls
  17 ushabtiu
  4 wyverns
  An air elemental (Elf:2)
  6 alligator skeletons
  47 yaks
  5 fire bats
  35 shadows
  A human (D:14)
  32 wraiths
  22 fire elementals
  7 basilisks
  A hog (shapeshifter) (Depths:2)
  19 golden eyes
  2 hogs (Shoals:2)
  A basilisk (shapeshifter) (Vaults:5)
  21 neqoxecs
  5 hungry ghosts
  A golden eye (shapeshifter) (Depths:3)
  3 human simulacra
  2 spatial vortices
  13 chaos spawn
  4 wargs
  6 vampire mosquitoes
  A soldier ant (D:10)
  A merfolk zombie (Tar:2)
  3 insubstantial wisps
  39 nagas
  8 spiny frog zombies
  3 hydra simulacra
  2 acid dragons (Vaults:1)
  17 small abominations
  11 water moccasins
  6 porcupines
  72 hell hounds
  Duvessa (D:4)
  A deep troll skeleton (Crypt:2)
  54 orc warriors
  An ice dragon simulacrum (Abyss:5)
  A swamp dragon zombie (Coc:4)
  4 sky beasts
  A sky beast (shapeshifter) (Vaults:4)
  2 spiny frog skeletons
  7 ice beasts
  28 large abominations
  A swamp drake (Zig:10)
  2 merfolk skeletons
  2 eyes of draining (shapeshifter)
  5 phantoms
  5 eyes of draining
  7 snapping turtle zombies
  An ettin simulacrum (Coc:1)
  An ogre (shapeshifter) (Vaults:5)
  2 black bears
  19 necrophages
  29 ogres
  35 starcursed masses
  7 boggarts
  4 swamp dragon skeletons
  A manticore skeleton (Geh:4)
  5 snapping turtle skeletons
  17 wolves
  17 crocodiles
  23 centaurs
  An elf simulacrum (Zig:9)
  2 big kobolds
  22 bullfrogs
  2 elf skeletons
  A wyvern zombie (D:14)
  A glowing shapeshifter simulacrum (Zig:9)
  A wyvern skeleton (D:14)
  6 scorpions
  Dowan (D:4)
  A spectral wolf (Depths:4)
  25 killer bees (Lair:2)
  An orc simulacrum (Vaults:1)
  66 wights
  An electric eel (Lair:5)
  A howler monkey (D:4)
  15 crimson imps
  2 bullfrog zombies
  5 quasits
  A bullfrog skeleton (D:8)
  6 centaur skeletons
  4 hounds
  4 jellies
  32 orc priests
  2 human zombies
  49 iron imps
  A hell rat (Lair:2)
  6 iguanas
  32 orc wizards
  8 worker ants
  A killer bee zombie (D:7)
  3 ogre zombies (D:5)
  2 naga zombies
  A naga skeleton (Tar:2)
  A tengu skeleton (Coc:7)
  A hound skeleton (D:7)
  33 mummies
  8 gnolls
  A scorpion zombie (Crypt:2)
  A worker ant zombie (D:6)
  9 adders
  A river rat (Lair:2)
  15 shadow imps
  6 white imps
  2 ufetubi (Abyss:1)
  2 adder skeletons (D:6)
  2 worms
  A dart slug (D:5)
  6 leopard geckos
  96 orcs
  7 bats
  A bat zombie (Crypt:2)
  7 giant cockroaches
  3 goblins
  7 hobgoblins
  11 jackals
  2 quokkas
  A ball python zombie (Crypt:1)
  5 frilled lizards
  10 kobolds
  A kobold zombie (Dis:3)
  3 rats
  A crawling corpse (Vaults:5)
  A lurking horror (Abyss:3)
  9 starspawn tentacles
4050 creatures vanquished.

Vanquished Creatures (collateral kills)
  A Tzitzimitl (Dis:7)
  A Brimstone Fiend (Dis:7)
  A tentacled monstrosity (Zot:5)
  2 Orb Guardians (Zot:5)
  A titan (Depths:1)
  A sphinx (Vaults:5)
  2 shadow dragons (Vaults:5)
  A daeva (Pan)
  A fire giant (Depths:3)
  A frost giant (D:15)
  5 vault wardens
  4 ironheart preservers
  An entropy weaver (Vaults:4)
  A stone giant (Vaults:5)
  2 very ugly things (Depths:3)
  2 war gargoyles (Dis:7)
  2 vampire knights
  A green draconian (Depths:5)
  A black sun (Pan)
  An apis (Pan)
  A deep elf annihilator (Pan)
  A spark wasp (Depths:3)
  2 ettins
  A jiangshi (Crypt:3)
  2 fire dragons
  2 deep elf high priests (Vaults:5)
  2 ice dragons
  A yaktaur captain (Vaults:5)
  A great orb of eyes (Depths:2)
  7 vault guards
  A hydra (D:14)
  2 merfolk avatars (Shoals:4)
  A catoblepas (Shoals:4)
  2 centaur warriors
  3 anacondas
  4 two-headed ogres
  2 anacondas (shapeshifter)
  A hell beast (Depths:3)
  An alligator snapping turtle (Shoals:4)
  A deep troll shaman (D:15)
  A death knight (Vaults:4)
  A tengu warrior (D:14)
  A vampire mage (Depths:2)
  A deep troll earth mage (Depths:1)
  2 ogre magi
  A hell knight (Depths:1)
  A deep elf knight (Vaults:1)
  A spatial maelstrom (Abyss:5)
  An iron troll (Dis:7)
  2 skeletal warriors
  A flayed ghost (Depths:2)
  An iron golem (Dis:7)
  A cherub (Pan)
  A death drake (shapeshifter) (Depths:2)
  A gelid demonspawn (Pan)
  An unseen horror (D:14)
  A naga ritualist (Snake:3)
  3 deep trolls (D:15)
  A glowing orange brain (Pan)
  3 harpies
  4 sea snakes
  2 ironbrand convokers
  A phantasmal warrior (D:15)
  A mana viper (Snake:3)
  A faun (Shoals:3)
  A necromancer (Depths:1)
  An oklob plant (Shoals:2)
  A deep elf mage (Vaults:5)
  5 ugly things
  3 slime creatures
  A salamander (Snake:1)
  A salamander (shapeshifter) (Depths:4)
  3 black mambas
  2 rust devils
  A water nymph (Shoals:4)
  A dire elephant zombie (Tar:3)
  A guardian serpent (Snake:2)
  A vault sentinel (Vaults:5)
  A naga mage (Snake:2)
  A smoke demon (Pan)
  A tormentor (Dis:7)
  A freezing wraith (Crypt:3)
  8 yaktaurs
  2 red devils
  A hellwing (Pan)
  A tengu conjurer (D:14)
  A queen bee (shapeshifter) (Depths:1)
  A guardian mummy (Tomb:1)
  3 meliai (D:14)
  A wind drake (Shoals:3)
  6 merfolk
  A hippogriff (Shoals:2)
  3 snapping turtles
  A centaur simulacrum (D:15)
  7 water elementals
  An ice dragon skeleton (Coc:7)
  3 fire elementals (Hell)
  A golden eye (shapeshifter) (Depths:2)
  A human simulacrum (Vaults:2)
  A warg (Vaults:5)
  A large abomination (Abyss:1)
  3 nagas
  A spiny frog zombie (Coc:1)
  An orc warrior (Zig:8)
  A small abomination (Abyss:1)
  2 necrophages
  4 ogres
  A wolf (Lair:2)
  2 centaurs
  A hound (D:14)
  An orc priest (Vaults:5)
  An orc wizard (Vaults:3)
  A tengu zombie (Geh:4)
  8 mummies (Tomb:1)
  4 orcs
  A crawling corpse (Vaults:5)
  2 plants
209 creatures vanquished.

Vanquished Creatures (others)
  An orb of fire (Zot:5)
  4 greater mummies (Tomb:1)
  A Tzitzimitl (Tar:7)
  2 Brimstone Fiends
  A tentacled monstrosity (Zot:5)
  An Orb Guardian (Zot:5)
  2 deep elf master archers (Elf:3)
  A quicksilver dragon (Zot:5)
  An ancient champion (Tomb:3)
  6 eldritch tentacles
  2 tengu reavers
  2 storm dragons
  A death cob (Zot:5)
  A revenant (Tomb:2)
  A fire giant (Depths:2)
  3 deep elf sorcerers (Elf:3)
  An iron dragon (Dis:7)
  A draconian knight (Zot:4)
  2 vault wardens (Vaults:1)
  2 orc warlords
  2 balrugs (Pan)
  A warmonger (Pan)
  2 cacodemons (Pan)
  4 deep elf elementalists (Elf:3)
  3 elemental wellsprings
  A war gargoyle (Dis:7)
  A stone giant (Depths:1)
  A corrupter (Pan)
  A black sun (Pan)
  An apis (Pan)
  3 deep elf demonologists (Elf:3)
  An ettin (Depths:1)
  A mummy priest (Tomb:3)
  2 merfolk javelineers (Shoals:4)
  2 jiangshi
  A spectral quicksilver dragon (Crypt:3)
  3 deep elf death magi (Elf:3)
  A yaktaur captain (Depths:4)
  3 monstrous demonspawn (Pan)
  4 deep elf high priests (Elf:3)
  2 hydras
  A naga warrior (Snake:3)
  A catoblepas (Lair:6)
  4 anacondas
  6 centaur warriors
  7 two-headed ogres
  2 deep troll earth magi (Depths:4)
  A hell hog (Geh:4)
  A dancing weapon (Elf:2)
  4 death yaks
  30 death scarabs (Tomb:2)
  A thrashing horror (Abyss:1)
  2 vampire magi
  6 shock serpents
  Sonja (D:15)
  An ogre mage (Depths:1)
  2 iron golems
  2 deep elf knights
  A naga sharpshooter (Snake:4)
  2 wretched stars (Abyss:1)
  2 iron trolls
  8 skeletal warriors
  5 sun demons
  A fire crab (shapeshifter) (Vaults:3)
  2 unseen horrors
  2 shadow demons
  An infernal demonspawn (Pan)
  A death drake (Zig:10)
  2 swamp dragons (Zig:10)
  7 large abominations
  2 deep elf archers (Elf:3)
  An anaconda zombie (Dis:7)
  An anaconda skeleton (Geh:2)
  2 wizards
  2 naga ritualists
  A glowing orange brain (Abyss:1)
  A starcursed mass (Abyss:1)
  2 deep elf magi
  A necromancer (Hell)
  2 phantasmal warriors
  A mana viper (Snake:4)
  An ironbrand convoker (Vaults:2)
  2 orc knights (Orc:2)
  4 orc sorcerers
  An ugly thing (Vaults:1)
  5 cyclopes
  A manticore (Shoals:4)
  2 elephants
  2 moths of wrath
  2 merfolk sirens (Shoals:4)
  4 black mambas
  5 naga magi
  A smoke demon (Abyss:1)
  2 frost giant skeletons
  3 guardian serpents
  A torpor snail (shapeshifter) (Depths:2)
  3 hellions
  A spiny frog (Lair:4)
  2 komodo dragons
  A freezing wraith (D:15)
  7 yaktaurs
  2 hellwings
  A guardian mummy (Tomb:3)
  A minotaur zombie (Lab)
  2 wind drakes (Shoals:4)
  A slime creature (Depths:3)
  An ettin zombie (Tomb:2)
  A hornet (D:10)
  An ice dragon zombie (Tar:7)
  A raiju (Abyss:1)
  11 flying skulls
  A hippogriff (Lair:1)
  A snapping turtle (Shoals:4)
  A vampire (D:14)
  A fire dragon zombie (Tomb:2)
  An ushabti (Tomb:3)
  3 wraiths
  A wyvern (D:10)
  2 shadows
  2 black mamba skeletons
  A basilisk (Lair:2)
  2 golden eyes
  A chaos spawn (Pan)
  3 neqoxecs (Pan)
  2 spatial vortices
  8 nagas
  A sky beast (shapeshifter) (D:15)
  An orc warrior (D:6)
  A spiny frog skeleton (Geh:6)
  A small abomination (Abyss:3)
  An eye of draining (shapeshifter) (D:13)
  3 ogres
  2 wolves
  2 centaurs (Vaults:1)
  A phantom (Tar:2)
  A bullfrog (Lair:2)
  3 wights
  A bullfrog zombie (D:12)
  A crimson imp (Zot:5)
  An orc wizard (D:13)
  3 iron imps
  An orc priest (D:10)
  7 mummies
  3 shadow imps (Tar:2)
  A white imp (Coc:7)
  3 crawling corpses (Elf:3)
  11 fungi (Lair:5)
  2 lurking horrors
  11 plants
  104 starspawn tentacles
  A withered plant (Shoals:4)
467 creatures vanquished.

Grand Total: 4726 creatures vanquished

Notes
Turn   | Place    | Note
-------+----------+-------------------------------------------
     0 | Abyss:1  | Sergey the Human Abyssal Knight began the quest for the Orb.
     0 | Abyss:1  | Reached XP level 1. HP: 18/18 MP: 2/2
    39 | Abyss:1  | Noticed a worldbinder
    39 | Abyss:1  | Noticed a chaos spawn
    40 | D:1      | Escaped the Abyss
    87 | D:1      | Reached * piety under Lugonu
   107 | D:1      | Reached XP level 2. HP: 24/24 MP: 3/3
   397 | D:1      | Reached XP level 3. HP: 25/29 MP: 4/4
   813 | D:2      | Reached ** piety under Lugonu
   909 | D:3      | Noticed a centaur
   912 | D:3      | Gained mutation: You are clumsy. (Dex -2) [potion of mutation]
   912 | D:3      | Gained mutation: Scrolls take you a little longer to read. [potion of mutation]
   912 | D:3      | Gained mutation: You have a somewhat thin skeletal structure. (Dex +2, Stealth) [potion of mutation]
   920 | D:3      | Killed a centaur
   920 | D:3      | Reached XP level 4. HP: 16/37 MP: 4/6
   920 | D:3      | Reached XP level 5. HP: 18/42 MP: 4/7
   929 | D:3      | Lost mutation: Scrolls take you a little longer to read. [potion of mutation]
   929 | D:3      | Lost mutation: You are clumsy. (Dex -2) [potion of mutation]
   929 | D:3      | Gained mutation: Your body sometimes deteriorates upon taking damage. [potion of mutation]
   929 | D:3      | Gained mutation: You are partially covered in molten scales. (AC +2) [potion of mutation]
  1163 | D:3      | Noticed kal9871's ghost (amateur DsSk)
  1694 | D:4      | Noticed an ogre
  1747 | D:4      | Noticed Dowan
  1748 | D:4      | Noticed Duvessa
  1763 | D:4      | Noticed an ogre
  1859 | D:4      | Reached XP level 6. HP: 48/48 MP: 8/8
  1937 | D:5      | Entered Level 5 of the Dungeon
  2066 | D:5      | Found a white marble altar of Elyvilon.
  2376 | D:5      | Found a transporter.
  2582 | D:5      | Found a transporter.
  2621 | D:5      | Noticed a sky beast
  2661 | D:5      | Killed a sky beast
  2673 | D:5      | Reached skill level 5 in Long Blades
  2781 | D:6      | Noticed an ogre
  2784 | D:6      | Killed an ogre
  2784 | D:6      | Reached XP level 7. HP: 55/55 MP: 10/10
  3028 | D:6      | Noticed anet's ghost (novice DEWz)
  3092 | D:6      | Reached *** piety under Lugonu
  3342 | D:6      | Found a staircase to the Ecumenical Temple.
  3394 | D:6      | Killed anet's ghost
  3394 | D:6      | Reached skill level 5 in Fighting
  3394 | D:6      | Reached skill level 5 in Invocations
  3394 | D:6      | Reached XP level 8. HP: 52/62 MP: 10/12
  4766 | D:7      | Reached XP level 9. HP: 32/68 MP: 14/14
  5025 | D:7      | Reached skill level 1 in Shields
  6279 | D:8      | Noticed Joseph
  6291 | D:8      | Banished Joseph
  6291 | D:8      | Reached skill level 2 in Shields
  7136 | D:9      | Found a sacrificial altar of Ru.
  7344 | D:9      | Found Aniysiott's Gadget Shoppe.
  7355 | D:9      | Bought a wand of clouds (5) for 378 gold pieces
  7368 | D:10     | Entered Level 10 of the Dungeon
  7401 | D:9      | Reached skill level 3 in Shields
  7401 | D:9      | Reached XP level 10. HP: 65/74 MP: 15/17
  7699 | D:9      | Got a slimy leather armour
  7700 | D:9      | Identified the cursed +0 leather armour of the Tired Lives {Regen+} (You found it on level 9 of the Dungeon)
  7929 | D:9      | Reached skill level 10 in Invocations
  8023 | D:9      | Reached skill level 4 in Shields
  8066 | D:10     | Noticed Erica
  8169 | D:10     | Banished an unseen horror
  8409 | D:10     | Reached skill level 5 in Dodging
  8599 | D:10     | Got a fine morningstar
  8600 | D:10     | Identified the +8 morningstar of the Median {crush, rElec rN+ MR- Dex+4} (You found it on level 10 of the Dungeon)
  8626 | D:10     | Reached skill level 5 in Shields
  8709 | D:10     | Killed Erica
  8723 | D:10     | Reached XP level 11. HP: 62/80 MP: 18/18
  8977 | D:4      | Noticed Grinder
  8980 | D:4      | Killed Grinder
  8980 | D:4      | Reached skill level 6 in Shields
  9085 | D:4      | Killed Dowan
  9093 | D:4      | Killed Duvessa
  9308 | D:11     | Found a deep blue altar of Sif Muna.
  9343 | D:11     | Noticed a two-headed ogre
  9352 | D:11     | Banished a two-headed ogre
  9451 | D:11     | Found a staircase to the Lair.
  9511 | D:11     | Identified 2 scrolls of acquirement
  9530 | D:11     | Got a crystal long sword
  9531 | D:11     | Identified the +6 long sword of Kismet {distort, Dex+4} (You acquired it on level 11 of the Dungeon)
  9539 | D:11     | Got a scorched double sword
  9540 | D:11     | Identified the +3 double sword of Past Mistakes {pain, rPois rC+} (You acquired it on level 11 of the Dungeon)
  9636 | D:11     | Noticed a two-headed ogre
  9643 | D:11     | Banished a two-headed ogre
  9643 | D:11     | Reached skill level 10 in Long Blades
  9700 | D:11     | Noticed a cyclops
  9706 | D:11     | Banished a cyclops
  9706 | D:11     | Reached skill level 7 in Shields
  9754 | D:11     | Noticed a two-headed ogre
  9802 | D:11     | Banished a two-headed ogre
  9802 | D:11     | Reached skill level 5 in Evocations
  9849 | D:11     | Killed an unseen horror
  9925 | D:11     | Noticed a manticore
  9999 | D:11     | Found a staircase to the Orcish Mines.
 10044 | D:11     | Reached **** piety under Lugonu
 10092 | D:12     | Found a stormy altar of Qazlal.
 10126 | D:11     | Reached XP level 12. HP: 53/86 MP: 19/19
 10283 | D:12     | Reached skill level 8 in Shields
 10514 | D:12     | Noticed a two-headed ogre
 10518 | D:12     | Banished a two-headed ogre
 10728 | D:12     | Noticed a six-headed hydra
 10729 | D:12     | Banished a six-headed hydra
 10960 | D:13     | Noticed a two-headed ogre
 11014 | D:13     | Noticed an eight-headed hydra
 11080 | D:13     | Noticed a two-headed ogre
 11088 | D:13     | Banished a two-headed ogre
 11094 | D:13     | Banished a two-headed ogre
 11163 | D:13     | Found a labyrinth entrance.
 11173 | Lab      | Entered a labyrinth
 11658 | Lab      | Noticed a minotaur
 11663 | Lab      | Banished a minotaur
 11668 | Lab      | Found the +3 robe of Clouds {+Fly rElec}
 11669 | Lab      | Got a twisted lajatang
 11669 | Lab      | Got a polished plate armour
 11675 | Lab      | Identified the +9 lajatang of Capital Punishment {slice, rC+ Str+4} (You found it in a labyrinth)
 11710 | Lab      | Identified the cursed +0 plate armour of the Gastropod {rElec MR- Dex+9} (You found it in a labyrinth)
 12075 | D:13     | Reached skill level 9 in Shields
 12195 | D:13     | Noticed a centaur warrior
 12199 | D:13     | Banished a centaur warrior
 12199 | D:13     | Reached XP level 13. HP: 59/95 MP: 21/21
 12259 | D:13     | Killed an eight-headed hydra
 12519 | D:13     | Learned a level 2 spell: Call Imp
 12695 | Lair:1   | Entered Level 1 of the Lair of Beasts
 12830 | Lair:1   | Reached skill level 1 in Summonings
 12863 | Lair:1   | Reached skill level 1 in Spellcasting
 12908 | Lair:1   | Found a dark tunnel.
 12934 | Volcano  | Entered a volcano
 13852 | Lair:2   | Reached ***** piety under Lugonu
 14507 | Lair:3   | Got a transparent long sword
 14508 | Lair:3   | Identified the cursed +1 long sword of the Silent Majority {drain, rF+} (You found it on level 3 of the Lair of Beasts)
 14528 | Lair:4   | Found a staircase to the Snake Pit.
 14662 | Lair:4   | Reached XP level 14. HP: 104/104 MP: 22/22
 14785 | Lair:4   | Learned a level 4 spell: Summon Lightning Spire
 14831 | Lair:4   | Learned a level 3 spell: Ozocubu's Armour
 14982 | Lair:3   | Noticed Urug
 14998 | Lair:3   | Banished Urug
 15093 | Lair:3   | Reached skill level 10 in Shields
 15144 | Lair:3   | Found a staircase to the Shoals.
 16047 | Lair:6   | Entered Level 6 of the Lair of Beasts
 16047 | Lair:6   | Noticed Nessos
 16256 | Lair:6   | Reached skill level 5 in Armour
 16797 | Lair:6   | Banished Nessos
 17019 | Lair:4   | Reached XP level 15. HP: 55/113 MP: 24/24
 17845 | Lair:3   | Reached skill level 11 in Shields
 17941 | Orc:1    | Entered Level 1 of the Orcish Mines
 18062 | Orc:2    | Entered Level 2 of the Orcish Mines
 18062 | Orc:2    | Noticed Donald
 18065 | Orc:2    | Banished Donald
 18077 | Orc:1    | Noticed an orc warlord
 18210 | Orc:2    | Noticed an orc warlord
 18213 | Orc:2    | Banished an orc warlord
 18213 | Orc:2    | Reached skill level 15 in Long Blades
 18544 | Orc:2    | Found Cealuuho's Assorted Antiques.
 18545 | Orc:2    | Found a staircase to the Elven Halls.
 18611 | Orc:2    | Bought a scroll of vulnerability for 187 gold pieces
 18617 | Orc:2    | Bought a red potion for 22 gold pieces
 18617 | Orc:2    | Bought a lumpy ruby potion for 22 gold pieces
 18747 | Orc:2    | Found a roughly hewn altar of Beogh.
 18759 | Orc:2    | Found Ysoon's Assorted Antiques.
 18799 | Orc:2    | Bought a papyrus book for 465 gold pieces
 18799 | Orc:2    | Bought a scroll labeled FAORALOYRU for 31 gold pieces
 18880 | Orc:1    | Banished an orc warlord
 19054 | Orc:2    | Paralysed by an orc sorcerer for 3 turns
 19310 | Orc:2    | Found Pauvuciu's General Store.
 19311 | Orc:2    | Found Qockomat's Book Boutique.
 19312 | Orc:2    | Found Luzxaor's Antique Armour Shop.
 19312 | Orc:2    | Found Pist's Antique Weapon Shop.
 19327 | Orc:2    | Bought a book of Necromancy for 330 gold pieces
 19329 | Orc:2    | Learned a level 1 spell: Animate Skeleton
 19333 | Orc:2    | Learned a level 3 spell: Regeneration
 19342 | Orc:2    | Bought a pair of runed boots for 217 gold pieces
 19508 | Orc:2    | Reached skill level 10 in Fighting
 19634 | Orc:1    | Found Baxeapt's Jewellery Emporium.
 19748 | Orc:2    | Bought a book of Cantrips for 220 gold pieces
 19750 | Orc:2    | Learned a level 1 spell: Apportation
 20127 | Snake:1  | Entered Level 1 of the Snake Pit
 20300 | Snake:1  | Reached skill level 1 in Charms
 20300 | Snake:1  | Reached skill level 1 in Necromancy
 20393 | Snake:1  | Lost mutation: Your body sometimes deteriorates upon taking damage. [potion of mutation]
 20393 | Snake:1  | Gained mutation: Potions are less effective at restoring your health. [potion of mutation]
 20393 | Snake:1  | Gained mutation: Your body sometimes deteriorates upon taking damage. [potion of mutation]
 20393 | Snake:1  | Gained mutation: Your system is resistant to poisons. (rPois) [potion of mutation]
 20559 | Orc:2    | Bought a potion of mutation for 104 gold pieces
 20559 | Orc:2    | Lost mutation: Your body sometimes deteriorates upon taking damage. [potion of mutation]
 20559 | Orc:2    | Gained mutation: Scrolls take you a little longer to read. [potion of mutation]
 20559 | Orc:2    | Gained mutation: Your spells are a little harder to cast, but a little more powerful. [potion of mutation]
 21027 | Snake:1  | Reached XP level 16. HP: 84/122 MP: 22/25
 21106 | Snake:1  | Noticed Aizul
 21472 | Snake:2  | Found Ginwukuta's Armour Boutique.
 22002 | Snake:2  | Reached skill level 12 in Shields
 22549 | Snake:3  | Noticed a nagaraja
 22713 | Snake:2  | Noticed a nagaraja
 22726 | Snake:2  | Killed a nagaraja
 22788 | Snake:2  | Reached skill level 5 in Charms
 22788 | Snake:2  | Reached skill level 5 in Necromancy
 22867 | Snake:1  | Reached skill level 5 in Spellcasting
 22952 | Snake:1  | Killed Aizul
 23830 | Snake:3  | Killed a nagaraja
 23980 | Snake:3  | Reached XP level 17. HP: 101/128 MP: 22/26
 24106 | Snake:3  | Reached skill level 13 in Shields
 24305 | Snake:4  | Entered Level 4 of the Snake Pit
 24508 | Snake:4  | Corrupted Snake:4
 24510 | Snake:4  | Noticed a tentacled starspawn
 25773 | Snake:4  | Reached skill level 14 in Shields
 25935 | Snake:4  | Reached skill level 1 in Ice Magic
 26610 | Snake:4  | Got a serpentine rune of Zot
 26745 | Shoals:1 | Entered Level 1 of the Shoals
 26868 | Shoals:1 | Reached XP level 18. HP: 121/134 MP: 26/30
 27004 | Shoals:2 | Learned a level 3 spell: Vampiric Draining
 27009 | Shoals:2 | Learned a level 4 spell: Animate Dead
 27075 | Shoals:2 | Found a shimmering altar of Xom.
 27178 | Shoals:1 | Reached skill level 15 in Shields
 27412 | Shoals:2 | Noticed Polyphemus
 27413 | Shoals:2 | Banished Polyphemus
 27534 | Shoals:2 | Noticed Kirke
 27547 | Shoals:2 | Killed Kirke
 27835 | Shoals:2 | Noticed a kraken
 28030 | Shoals:3 | Reached skill level 1 in Translocations
 28168 | Shoals:4 | Entered Level 4 of the Shoals
 28331 | Shoals:4 | Noticed Ilsuiw
 29287 | Shoals:4 | Killed Ilsuiw
 29599 | Shoals:4 | Reached XP level 19. HP: 101/140 MP: 27/32
 29697 | Shoals:4 | Got a barnacled rune of Zot
 29831 | Shoals:1 | Reached skill level 1 in Throwing
 30305 | D:14     | Noticed Roxanne
 30510 | D:14     | Killed Roxanne
 30515 | D:14     | Identified Roxanne's Volume of Moulding (You took it off Roxanne on level 14 of the Dungeon)
 30557 | D:14     | Learned a level 4 spell: Petrify
 30812 | D:14     | Learned a level 5 spell: Irradiate
 30844 | D:14     | Found a gate to the Vaults.
 30861 | D:14     | Reached skill level 1 in Transmutations
 30861 | D:14     | Reached skill level 1 in Earth Magic
 30893 | Vaults:1 | Entered Level 1 of the Vaults
 31192 | Vaults:1 | Reached skill level 10 in Spellcasting
 32105 | Vaults:1 | Reached skill level 5 in Throwing
 32175 | Vaults:1 | Reached XP level 20. HP: 145/147 MP: 25/34
 32212 | Vaults:1 | Found Tydiv's Antique Armour Emporium.
 32212 | Vaults:1 | Found Icoodeps's Magic Scroll Emporium.
 32248 | Vaults:1 | Bought a scroll of blinking for 112 gold pieces
 32252 | Vaults:1 | Found Boxair's Jewellery Emporium.
 32278 | Vaults:1 | Bought a pair of brightly glowing gloves for 323 gold pieces
 32280 | Vaults:1 | Identified the cursed +0 pair of gloves "Haivvoec" {MR+ Int+6} (You bought it in a shop on level 1 of the Vaults)
 32352 | Vaults:1 | Found Qusoirhe's Gadget Emporium.
 32463 | Vaults:1 | Reached skill level 5 in Transmutations
 32463 | Vaults:1 | Reached skill level 5 in Earth Magic
 33165 | Vaults:2 | Reached ****** piety under Lugonu
 33342 | Vaults:2 | Found a glowing golden altar of the Shining One.
 33344 | Vaults:2 | Found Murawn's Gadget Boutique.
 33394 | Vaults:2 | Learned a level 6 spell: Statue Form
 33649 | Vaults:2 | Found a staircase to the Crypt.
 33649 | Vaults:2 | Found an ancient bone altar of Kikubaaqudgha.
 33650 | Vaults:2 | Found a basalt altar of Yredelemnul.
 33861 | Vaults:3 | Found Uxenlao's Distillery.
 33869 | Vaults:3 | Bought 2 potions of heal wounds for 160 gold pieces
 33869 | Vaults:3 | Bought a potion of heal wounds for 80 gold pieces
 33869 | Vaults:3 | Bought 2 potions of heal wounds for 160 gold pieces
 33883 | Vaults:3 | Bought a potion of mutation for 128 gold pieces
 33883 | Vaults:3 | Lost mutation: Your spells are a little harder to cast, but a little more powerful. [potion of mutation]
 33883 | Vaults:3 | Lost mutation: Your system is resistant to poisons. (rPois) [potion of mutation]
 33883 | Vaults:3 | Lost mutation: Scrolls take you a little longer to read. [potion of mutation]
 33883 | Vaults:3 | Gained mutation: Your magical capacity is low. (-10% MP) [potion of mutation]
 33883 | Vaults:3 | Gained mutation: Your flesh is cold resistant. (rC+) [potion of mutation]
 33883 | Vaults:3 | Gained mutation: Your flesh is very cold resistant. (rC++) [potion of mutation]
 34170 | Vaults:4 | Reached skill level 10 in Throwing
 34787 | Vaults:4 | Reached XP level 21. HP: 114/153 MP: 17/31
 35082 | Vaults:4 | Noticed a lich
 35143 | Vaults:3 | You fall through a shaft!
 35853 | Vaults:4 | Found Juojoy's Assorted Antiques.
 36167 | Elf:1    | Entered Level 1 of the Elven Halls
 36530 | Elf:1    | Found Miegef's Food Emporium.
 36637 | Elf:1    | Found Jiajim's Distillery.
 36637 | Elf:1    | Found Taarrath's Food Emporium.
 36964 | Elf:2    | Found a large runed door.
 36964 | Elf:2    | Found a large runed door.
 36973 | Elf:2    | Found a large runed door.
 36973 | Elf:2    | Found a large runed door.
 37672 | Elf:2    | Got a crude platinum ring
 37795 | Elf:2    | Identified the ring of Jealousy {*Tele Int+4} (You found it on level 2 of the Elven Halls)
 37816 | Elf:3    | Entered Level 3 of the Elven Halls
 37976 | Elf:3    | Found a flickering gateway to a bazaar.
 37986 | Bazaar   | Entered a bazaar
 38000 | Bazaar   | Found Gumefieb's Antique Armour Emporium.
 38017 | Bazaar   | Found Pehom's Gadget Emporium.
 38017 | Bazaar   | Found Mamocum's Assorted Antiques.
 38038 | Bazaar   | Found Sufav's Food Emporium.
 38038 | Bazaar   | Found Elomyvi's Food Shoppe.
 38051 | Bazaar   | Found Ukaoch's General Store.
 38051 | Bazaar   | Found Ogibidyo's Assorted Antiques.
 38055 | Bazaar   | Bought a diamond ring for 110 gold pieces
 38091 | Elf:3    | Noticed Mara
 38103 | Elf:3    | Noticed Sergey's illusion
 38379 | Elf:3    | Noticed Sergey's illusion
 38560 | Elf:3    | Escaped the Abyss
 38581 | Elf:3    | Reached XP level 22. HP: 114/159 MP: 33/33
 38939 | Elf:3    | Corrupted Elf:3
 38953 | Elf:3    | Upgraded the game from 0.22-a0-109-gbeb7240 to 0.22-a0-110-g5b255cf
 38987 | Elf:3    | Identified Sif Muna's Handbook of the Mountains
 39024 | Elf:3    | Identified the ring of the Morning {AC+2 Str+2 Int+2} (You found it on level 3 of the Elven Halls)
 39039 | Elf:3    | Learned a level 2 spell: Passwall
 39320 | Elf:3    | Identified the +1 scale mail of the Immovable Moons {rC+} (You found it on level 3 of the Elven Halls)
 39704 | Vaults:1 | Bought an uncursed ring of protection from magic for 400 gold pieces
 39825 | D:15     | Entered Level 15 of the Dungeon
 39849 | D:15     | Lost mutation: Your flesh is very cold resistant. (rC++) [potion of mutation]
 39849 | D:15     | Lost mutation: You have a somewhat thin skeletal structure. (Dex +2, Stealth) [potion of mutation]
 39849 | D:15     | Gained mutation: You have sharp fingernails. [potion of mutation]
 39849 | D:15     | Gained mutation: Your magical capacity is very low. (-20% MP) [potion of mutation]
 39849 | D:15     | Gained mutation: You have sharp toenails. [potion of mutation]
 39867 | D:15     | Noticed Josephine
 39916 | D:15     | Banished Josephine
 39922 | D:15     | Noticed Sonja
 39946 | D:15     | Killed Sonja
 40060 | D:15     | Found a staircase to the Depths.
 40322 | D:15     | Noticed Rupert
 40393 | D:15     | Reached skill level 10 in Transmutations
 40393 | D:15     | Reached skill level 10 in Earth Magic
 40634 | D:15     | Killed Rupert
 40714 | Depths:1 | Entered Level 1 of the Depths
 40939 | Depths:1 | Reached skill level 15 in Invocations
 40979 | Depths:1 | Found a one-way gate to the infinite horrors of the Abyss.
 40993 | Depths:1 | Found a gateway to a ziggurat.
 41342 | Depths:1 | Found a gateway to Hell.
 41496 | Depths:1 | Noticed an ancient lich
 41894 | Depths:1 | Reached XP level 23. HP: 165/165 MP: 11/31
 42044 | Depths:2 | Reached skill level 1 in Conjurations
 42444 | Depths:2 | Noticed a golden dragon
 42463 | Depths:2 | Identified a +9 demon blade of distortion (a +7 demon blade corrupted by Lugonu)
 42463 | Depths:2 | Received a gift from Lugonu
 42621 | Depths:2 | Killed a golden dragon
 42824 | Depths:2 | Found the +9 heavy crossbow "Sniper" {velocity, Acc+∞ SInv}
 42849 | Depths:2 | Learned a level 5 spell: Dispel Undead
 42961 | Depths:2 | Learned a level 5 spell: Excruciating Wounds
 43098 | Depths:2 | Noticed an ancient lich
 43129 | Depths:2 | Banished an ancient lich
 43158 | Depths:2 | Reached skill level 5 in Conjurations
 43387 | Depths:3 | Identified the ring "Xessagepn" {*Corrode rF- MP+9 Str+9 Stlth+} (You acquired it on level 3 of the Depths)
 43470 | Depths:3 | Reached skill level 10 in Necromancy
 43489 | Depths:3 | Noticed Jory
 43497 | Depths:3 | Killed Jory
 43516 | Depths:3 | Found a one-way gate leading to the halls of Pandemonium.
 43606 | Depths:3 | Reached XP level 24. HP: 172/172 MP: 22/31
 43906 | Depths:4 | Noticed confidenceinterval's ghost (adept MiBe)
 44333 | Depths:4 | Found an ancient bone altar of Kikubaaqudgha.
 44679 | Depths:5 | Entered Level 5 of the Depths
 44691 | Depths:4 | Voluntarily entered the Abyss.
 44729 | Abyss:1  | Killed Urug
 44782 | Abyss:1  | Killed Donald
 44843 | Abyss:1  | Found a viscous altar of Jiyva.
 45042 | Abyss:1  | Got a pair of spiked gloves
 45043 | Abyss:1  | Identified the +3 pair of gloves of Beyond {rN+ Dex+4 Stlth+} (You found it on level 1 of the Abyss)
 45148 | Abyss:1  | Paralysed by accursed screaming for 1 turns
 45177 | Abyss:1  | Learned a level 5 spell: Borgnjor's Vile Clutch
 45338 | Abyss:1  | Reached skill level 10 in Dodging
 45630 | Abyss:2  | Reached XP level 25. HP: 174/183 MP: 31/31
 45715 | Abyss:3  | Found a corrupted altar of Lugonu.
 45984 | Abyss:3  | Learned a level 6 spell: Death Channel
 46194 | Abyss:3  | Got an abyssal rune of Zot
 46195 | Depths:4 | Escaped the Abyss
 46199 | Depths:4 | Learned a level 2 spell: Sublimation of Blood
 46307 | Depths:1 | Killed an ancient lich
 46495 | Vaults:1 | Bought a scroll of enchant weapon for 112 gold pieces
 46495 | Vaults:1 | Bought a scroll of enchant weapon for 112 gold pieces
 46495 | Vaults:1 | Bought a scroll of magic mapping for 52 gold pieces
 46495 | Vaults:1 | Bought a scroll of teleportation for 45 gold pieces
 46659 | Vaults:4 | Bought a scroll of enchant weapon for 352 gold pieces
 46659 | Vaults:4 | Bought a glowing large shield for 352 gold pieces
 47889 | Lair:6   | Found a staircase to the Slime Pits.
 47921 | Slime:1  | Entered Level 1 of the Pits of Slime
 47922 | Slime:1  | Gained mutation: Your magical capacity is extremely low. (-30% MP) [a shining eye]
 48177 | Slime:3  | Gained mutation: You expend magic power (3 MP) to strengthen your wands. [mutagenic glow]
 48329 | Slime:5  | Entered Level 5 of the Pits of Slime
 48358 | Slime:5  | Noticed the Royal Jelly
 48370 | Slime:5  | Killed the Royal Jelly
 48391 | Slime:5  | Reached skill level 16 in Shields
 48476 | Slime:5  | Identified the ring "Varad" {rPois Str+2} (You found it on level 5 of the Pits of Slime)
 48478 | Slime:5  | Got a slimy rune of Zot
 48487 | Slime:5  | Found the +2 hat of the Bear Spirit {Spirit, +Rage rN+ MR++}
 48488 | Slime:5  | Found the +4 robe of Augmentation {Str+4 Int+4 Dex+4}
 48499 | Slime:5  | Identified the Grimoire of Doomed Translocation
 48509 | Slime:5  | Identified the amulet "Antowem" {Spirit *Corrode rElec Dex+4} (You found it on level 5 of the Pits of Slime)
 49056 | Vaults:5 | Entered Level 5 of the Vaults
 49093 | Vaults:4 | Reached XP level 26. HP: 195/195 MP: 6/29
 49198 | Vaults:5 | Found Ybuscheng's Food Shop.
 49309 | Vaults:5 | Reached skill level 17 in Shields
 49312 | Vaults:5 | Found Amnymauc's Food Shop.
 49356 | Vaults:5 | Got a silver rune of Zot
 49588 | Vaults:5 | Reached skill level 15 in Spellcasting
 49853 | Vaults:5 | Reached skill level 18 in Shields
 50105 | Vaults:5 | Found Qamilaj's Antique Armour Shoppe.
 50105 | Vaults:5 | Found Dituqury's Antique Armour Shoppe.
 50133 | Vaults:5 | Bought a steaming leather armour for 273 gold pieces
 50133 | Vaults:5 | Identified the +0 leather armour of Ashenzari's Generosity {Str+5} (You bought it in a shop on level 5 of the Vaults)
 50135 | Vaults:5 | Found Imezuut's Magic Scroll Shoppe.
 50140 | Vaults:5 | Bought a scroll of teleportation for 57 gold pieces
 50140 | Vaults:5 | Bought a scroll of magic mapping for 66 gold pieces
 50178 | Vaults:5 | Found Wuklaaqu's Antique Weapon Boutique.
 50248 | Vaults:5 | Found Omulups's Jewellery Shoppe.
 50259 | Vaults:5 | Bought the ring "Luokitog" {+Blink rF+ rC+ MR+ Stlth+} for 837 gold pieces
 50313 | Vaults:5 | Found Qogrowkeid's Food Shop.
 50619 | Elf:1    | Bought a potion of haste for 120 gold pieces
 50619 | Elf:1    | Bought a potion of mutation for 96 gold pieces
 50619 | Elf:1    | Bought a potion of brilliance for 48 gold pieces
 50619 | Elf:1    | Bought a potion of brilliance for 48 gold pieces
 50619 | Elf:1    | Bought a potion of agility for 48 gold pieces
 50619 | Elf:1    | Bought a potion of haste for 120 gold pieces
 50619 | Elf:1    | Bought a potion of heal wounds for 60 gold pieces
 50619 | Elf:1    | Bought a potion of curing for 36 gold pieces
 50689 | Elf:3    | Learned a level 5 spell: Lee's Rapid Deconstruction
 50992 | Zig:1    | Entered Level 1 of a ziggurat
 51005 | Zig:1    | Reached XP level 27. HP: 204/204 MP: 8/29
 51054 | Zig:2    | Entered Level 2 of a ziggurat
 51113 | Zig:3    | Entered Level 3 of a ziggurat
 51171 | Zig:4    | Entered Level 4 of a ziggurat
 51229 | Zig:5    | Entered Level 5 of a ziggurat
 51255 | Zig:5    | Identified the Almanac of Enhancements
 51262 | Zig:5    | Identified the Volume of Scorching Summoning
 51280 | Zig:6    | Entered Level 6 of a ziggurat
 51383 | Zig:7    | Entered Level 7 of a ziggurat
 51420 | Zig:7    | Identified the Volume of the Supportive Rocks
 51443 | Zig:8    | Entered Level 8 of a ziggurat
 51454 | Zig:8    | Cast into level 1 of the Abyss (orc warrior)
 51485 | Abyss:1  | Paralysed by accursed screaming for 1 turns
 51633 | Abyss:1  | Reached skill level 19 in Shields
 51636 | Abyss:1  | Paralysed by accursed screaming for 1 turns
 51650 | Zig:8    | Escaped the Abyss
 51721 | Zig:8    | Reached skill level 20 in Shields
 51777 | Zig:8    | Lost mutation: Potions are less effective at restoring your health. [potion of mutation]
 51777 | Zig:8    | Lost mutation: Your magical capacity is extremely low. (-30% MP) [potion of mutation]
 51777 | Zig:8    | Lost mutation: You expend magic power (3 MP) to strengthen your wands. [potion of mutation]
 51777 | Zig:8    | Gained mutation: You are somewhat resistant to further mutation. [potion of mutation]
 51777 | Zig:8    | Gained mutation: You have a pair of small antennae on your head. [potion of mutation]
 51801 | Zig:9    | Entered Level 9 of a ziggurat
 51810 | Zig:9    | Found the +3 warlock's mirror {reflect}
 51855 | Zig:9    | Identified Eduyp's Collected Works on Battle Magic and Evil Rituals
 51898 | Zig:10   | Entered Level 10 of a ziggurat
 51984 | Zig:11   | Entered Level 11 of a ziggurat
 52011 | Depths:1 | Learned a level 2 spell: Song of Slaying
 52095 | Pan      | Entered Pandemonium
 52119 | Pan      | Reached skill level 15 in Fighting
 52174 | Depths:3 | Escaped Pandemonium
 52177 | Pan      | Entered Pandemonium
 52265 | Pan      | Noticed Fimn the pandemonium lord
 52375 | Pan      | Gained mutation: You are frail. (-10% HP) [a cacodemon]
 52429 | Pan      | Gained mutation: You are covered in fur. (AC +1) [a cacodemon]
 52639 | Pan      | Reached skill level 21 in Shields
 52868 | Pan      | Noticed Appaehas the pandemonium lord
 52893 | Pan      | Entered the realm of Mnoleg.
 52931 | Pan      | Found an exit through the horrors of the Abyss.
 53117 | Pan      | Gained mutation: You are very frail. (-20% HP) [a neqoxec]
 53120 | Pan      | Gained mutation: Armour fits poorly on your strangely shaped body. [a neqoxec]
 53145 | Pan      | Noticed Mnoleg
 53169 | Pan      | Gained mutation: Scrolls take you a little longer to read. [a cacodemon]
 53186 | Pan      | Paralysed by an eldritch tentacle for 5 turns
 53192 | Pan      | Gained mutation: You expend magic power (3 MP) to strengthen your wands. [a cacodemon]
 53323 | Pan      | Gained mutation: Scrolls take you longer to read. [a neqoxec]
 53355 | Pan      | Lost mutation: You expend magic power (3 MP) to strengthen your wands. [potion of mutation]
 53355 | Pan      | Lost mutation: Your magical capacity is very low. (-20% MP) [potion of mutation]
 53356 | Pan      | Lost mutation: You are very frail. (-20% HP) [potion of mutation]
 53356 | Pan      | Lost mutation: You have a pair of small antennae on your head. [potion of mutation]
 53356 | Pan      | Lost mutation: You have sharp fingernails. [potion of mutation]
 53356 | Pan      | Gained mutation: You have a pair of small antennae on your head. [potion of mutation]
 53357 | Pan      | Lost mutation: Armour fits poorly on your strangely shaped body. [potion of mutation]
 53357 | Pan      | Lost mutation: You have a pair of small antennae on your head. [potion of mutation]
 53407 | Pan      | Got a glowing rune of Zot
 53476 | Pan      | Noticed Willo the pandemonium lord
 53582 | Pan      | Gained mutation: You are very frail. (-20% HP) [a neqoxec]
 53764 | Pan      | Identified the +10 long sword of Frustration {flame, Str+4} (You found it in Pandemonium)
 53924 | Pan      | Noticed Saos the pandemonium lord
 54220 | Pan      | Entered the realm of Cerebov.
 54365 | Pan      | Reached skill level 22 in Shields
 54376 | Pan      | Lost mutation: Your flesh is cold resistant. (rC+) [potion of mutation]
 54376 | Pan      | Lost mutation: Scrolls take you longer to read. [potion of mutation]
 54376 | Pan      | Lost mutation: You are partially covered in molten scales. (AC +2) [potion of mutation]
 54447 | Pan      | Identified the +3 robe of Dongiuhi {rC+ Int+4} (You found it in Pandemonium)
 54677 | Pan      | Reached skill level 1 in Unarmed Combat
 54723 | Pan      | Identified A Beginning Course on Spellcasting
 54897 | Pan      | Identified Etijoat's Grimoire of Orientation and Ice
 54987 | Pan      | Noticed Cerebov
 54997 | Pan      | Banished Cerebov
 55055 | Pan      | Got a fiery rune of Zot
 55104 | Pan      | Noticed Mnoleg
 55115 | Pan      | Gained mutation: Your muscles are strong. (Str +2) [a neqoxec]
 55148 | Pan      | Killed Mnoleg
 55198 | Pan      | Reached skill level 23 in Shields
 55258 | Pan      | Found an exit through the horrors of the Abyss.
 55271 | Pan      | Entered the realm of Gloorx Vloq.
 55587 | Pan      | Noticed Gloorx Vloq
 55592 | Pan      | Got a dark rune of Zot
 55673 | Pan      | Lost mutation: Scrolls take you a little longer to read. [potion of mutation]
 55673 | Pan      | Lost mutation: You have sharp toenails. [potion of mutation]
 55673 | Pan      | Lost mutation: You are covered in fur. (AC +1) [potion of mutation]
 55673 | Pan      | Gained mutation: You expend magic power (3 MP) to strengthen your wands. [potion of mutation]
 55673 | Pan      | Gained mutation: You are resistant to hostile enchantments. (MR+) [potion of mutation]
 55784 | Pan      | Entered the realm of Lom Lobon.
 55786 | Pan      | Upgraded the game from 0.22-a0-110-g5b255cf to 0.22-a0-113-gdd6f4a9
 55795 | Pan      | Found an exit through the horrors of the Abyss.
 56203 | Pan      | Got a magical rune of Zot
 56259 | Pan      | Took an exit into the Abyss.
 56259 | Abyss:1  | Escaped into the Abyss
 56278 | Depths:3 | Escaped the Abyss
 56354 | Depths:1 | Learned a level 4 spell: Passage of Golubria
 56419 | Pan      | Entered Pandemonium
 56650 | Pan      | Found a glowing silver altar of Zin.
 56914 | Pan      | Identified the +0 helmet "Wuttell" {+Blink rF+ Dex+2} (You found it in Pandemonium)
 57013 | Pan      | Reached skill level 24 in Shields
 57013 | Pan      | Reached skill level 5 in Translocations
 57302 | Pan      | Found a glowing golden altar of the Shining One.
 57303 | Pan      | Noticed a seraph
 57706 | Pan      | Banished a seraph
 57736 | Pan      | Identified the Grimoire of Displacement
 57737 | Pan      | Identified Zoschelim's Almanac of the Rocks and Calling
 57742 | Pan      | Got a demonic rune of Zot
 57812 | Depths:3 | Escaped Pandemonium
 58088 | Vaults:1 | Bought a scroll of enchant armour for 112 gold pieces
 58088 | Vaults:1 | Bought a scroll of enchant armour for 112 gold pieces
 58595 | Orc:2    | Bought a book of the Warp for 990 gold pieces
 58660 | Orc:2    | Learned a level 8 spell: Controlled Blink
 59335 | Vaults:5 | Bought a ration for 60 gold pieces
 59335 | Vaults:5 | Bought a ration for 60 gold pieces
 59335 | Vaults:5 | Bought a ration for 60 gold pieces
 59335 | Vaults:5 | Bought a ration for 60 gold pieces
 59335 | Vaults:5 | Bought a ration for 60 gold pieces
 59437 | Crypt:1  | Entered Level 1 of the Crypt
 59563 | Crypt:2  | Noticed Jorgrun
 59569 | Crypt:2  | Killed Jorgrun
 59728 | Crypt:3  | Entered Level 3 of the Crypt
 59878 | Crypt:3  | Found a basalt altar of Yredelemnul.
 60028 | Crypt:3  | Reached skill level 10 in Translocations
 60139 | Crypt:3  | Reached skill level 25 in Shields
 60199 | Crypt:3  | Found a staircase to the Tomb.
 60208 | Crypt:3  | Identified the Compendium of the Mountains
 60295 | Crypt:3  | Identified Minainn's Grimoire of Evil Rituals
 60335 | Tomb:1   | Entered Level 1 of the Tomb of the Ancients
 60404 | Tomb:1   | Noticed a greater mummy
 60406 | Tomb:1   | Noticed Khufu
 60409 | Tomb:1   | Noticed a greater mummy
 60411 | Tomb:1   | Noticed a greater mummy
 60429 | Tomb:1   | Corrupted Tomb:1
 60449 | Tomb:1   | Killed a greater mummy
 60461 | Tomb:1   | Killed a greater mummy
 60487 | Tomb:1   | Killed a greater mummy
 60497 | Tomb:1   | Killed a greater mummy
 60596 | Tomb:1   | Noticed a greater mummy
 60638 | Tomb:1   | Killed a greater mummy
 60698 | Tomb:1   | Killed Khufu
 60707 | Tomb:1   | Killed a greater mummy
 61063 | Tomb:1   | Noticed a greater mummy
 61078 | Tomb:1   | Killed a greater mummy
 61327 | Tomb:1   | Noticed a greater mummy
 61337 | Tomb:1   | Killed a greater mummy
 61352 | Tomb:1   | Noticed a greater mummy
 61362 | Tomb:1   | Killed a greater mummy
 61378 | Tomb:1   | Noticed a greater mummy
 61385 | Tomb:1   | Noticed a greater mummy
 61387 | Tomb:1   | Killed a greater mummy
 61399 | Tomb:1   | Killed a greater mummy
 61482 | Tomb:2   | Noticed a greater mummy
 61491 | Tomb:2   | Noticed a greater mummy
 61498 | Tomb:2   | Noticed a greater mummy
 61531 | Tomb:2   | Noticed a greater mummy
 61540 | Tomb:1   | Noticed a greater mummy
 61562 | Abyss:1  | Found a corrupted altar of Lugonu.
 61613 | Abyss:1  | Killed Nessos
 61648 | Abyss:1  | Killed Josephine
 61667 | Abyss:1  | Killed Joseph
 61685 | Abyss:1  | Paralysed by accursed screaming for 1 turns
 61692 | Tomb:1   | Escaped the Abyss
 61805 | Tomb:1   | Noticed a greater mummy
 61825 | Tomb:1   | Killed a greater mummy
 61825 | Tomb:1   | Reached skill level 15 in Translocations
 62193 | Tomb:1   | Killed a greater mummy
 62305 | Tomb:1   | Noticed a greater mummy
 62316 | Tomb:1   | Killed a greater mummy
 62326 | Tomb:1   | Noticed a greater mummy
 62347 | Tomb:1   | Killed a greater mummy
 62359 | Tomb:1   | Noticed a greater mummy
 62374 | Tomb:1   | Killed a greater mummy
 62673 | Vaults:3 | Bought a potion of invisibility for 128 gold pieces
 62673 | Vaults:3 | Bought 2 potions of might for 128 gold pieces
 62673 | Vaults:3 | Bought a potion of agility for 64 gold pieces
 62673 | Vaults:3 | Bought a potion of curing for 48 gold pieces
 62673 | Vaults:3 | Bought a potion of curing for 48 gold pieces
 62673 | Vaults:3 | Bought a potion of magic for 128 gold pieces
 62995 | Tomb:1   | Noticed a greater mummy
 63001 | Tomb:1   | Noticed a greater mummy
 63007 | Tomb:1   | Noticed a greater mummy
 63011 | Tomb:1   | Noticed a greater mummy
 63011 | Tomb:1   | Killed a greater mummy
 63118 | Tomb:1   | Killed a greater mummy
 63139 | Tomb:1   | Noticed a greater mummy
 63189 | Tomb:1   | Killed a greater mummy
 63243 | Tomb:1   | Killed a greater mummy
 63268 | Tomb:1   | Noticed a greater mummy
 63297 | Tomb:1   | Killed a greater mummy
 63340 | Tomb:1   | Noticed a greater mummy
 63356 | Tomb:1   | Noticed a greater mummy
 63364 | Tomb:1   | Killed a greater mummy
 63473 | Tomb:1   | Killed a greater mummy
 63720 | Tomb:3   | Entered Level 3 of the Tomb of the Ancients
 63817 | Tomb:3   | Noticed a greater mummy
 63817 | Tomb:3   | Noticed a greater mummy
 63821 | Tomb:3   | Corrupted Tomb:3
 63824 | Tomb:3   | Noticed a greater mummy
 63895 | Tomb:3   | Noticed a greater mummy
 63901 | Tomb:3   | Gained mutation: You are extremely frail. (-30% HP) [the power of Zot]
 63901 | Tomb:3   | Gained mutation: Your body sometimes deteriorates upon taking damage. [the power of Zot]
 63981 | Tomb:2   | Lost mutation: You are somewhat resistant to further mutation. [potion of mutation]
 63981 | Tomb:2   | Lost mutation: You expend magic power (3 MP) to strengthen your wands. [potion of mutation]
 63981 | Tomb:2   | Lost mutation: You are extremely frail. (-30% HP) [potion of mutation]
 63981 | Tomb:2   | Lost mutation: You are very frail. (-20% HP) [potion of mutation]
 63981 | Tomb:2   | Gained mutation: You are partially covered in molten scales. (AC +2) [potion of mutation]
 63981 | Tomb:2   | Lost mutation: You are frail. (-10% HP) [potion of mutation]
 64017 | Tomb:3   | Noticed a greater mummy
 64515 | Hell     | Entered the Vestibule of Hell
 64515 | Hell     | Noticed Geryon
 64756 | Hell     | Killed Geryon
 64767 | Hell     | Noticed an ancient lich
 64777 | Hell     | Killed an ancient lich
 64854 | Hell     | Found a gateway to the freezing wastes of Cocytus.
 64914 | Hell     | Found a gateway to the ashen valley of Gehenna.
 64938 | Geh:1    | Entered Level 1 of Gehenna
 66265 | Geh:7    | Entered Level 7 of Gehenna
 66537 | Geh:7    | Noticed the Serpent of Hell
 66539 | Geh:7    | Banished the Serpent of Hell
 66571 | Geh:7    | Identified the cursed +0 double sword of Qazlal's Pride {pain, rPois rC+ Int+2} (You found it on level 7 of Gehenna)
 66822 | Geh:7    | Noticed Asmodeus
 66828 | Geh:7    | Got an obsidian rune of Zot
 66974 | Depths:4 | Killed confidenceinterval's ghost
 67098 | Coc:1    | Entered Level 1 of Cocytus
 67231 | Coc:1    | Noticed a shard shrike
 67246 | Coc:1    | Killed a shard shrike
 67769 | Coc:5    | Noticed a shard shrike
 67816 | Coc:7    | Entered Level 7 of Cocytus
 67975 | Coc:3    | Reached skill level 15 in Dodging
 68460 | Coc:7    | Noticed Antaeus
 68488 | Coc:7    | Got an icy rune of Zot
 68871 | Hell     | Learned a level 8 spell: Disjunction
 69185 | Vaults:5 | Bought a ration for 60 gold pieces
 69185 | Vaults:5 | Bought a ration for 60 gold pieces
 69185 | Vaults:5 | Bought a ration for 60 gold pieces
 69185 | Vaults:5 | Bought a ration for 60 gold pieces
 69185 | Vaults:5 | Bought a ration for 60 gold pieces
 69185 | Vaults:5 | Bought a ration for 60 gold pieces
 69185 | Vaults:5 | Bought a ration for 60 gold pieces
 69185 | Vaults:5 | Bought a ration for 60 gold pieces
 69185 | Vaults:5 | Bought a ration for 60 gold pieces
 69185 | Vaults:5 | Bought a ration for 60 gold pieces
 69185 | Vaults:5 | Bought a ration for 60 gold pieces
 69939 | Tomb:1   | Killed a greater mummy
 70306 | Vaults:1 | Bought a scroll of amnesia for 52 gold pieces
 70497 | Depths:1 | Learned a level 3 spell: Lesser Beckoning
 71038 | Tomb:3   | Noticed a greater mummy
 71052 | Tomb:2   | Killed a greater mummy
 71132 | Tomb:3   | Noticed a greater mummy
 71146 | Tomb:2   | Killed a greater mummy
 71252 | Tomb:3   | Noticed a greater mummy
 71362 | Tomb:3   | Cast into level 5 of the Abyss (the power of Zot)
 71362 | Abyss:5  | Entered Level 5 of the Abyss
 71362 | Abyss:5  | Found a corrupted altar of Lugonu.
 71409 | Abyss:5  | Paralysed by accursed screaming for 1 turns
 71430 | Abyss:5  | Paralysed by accursed screaming for 2 turns
 71809 | Tomb:3   | Escaped the Abyss
 71815 | Tomb:3   | Gained mutation: You are partially covered in yellow scales. (AC +2) [mutagenic glow]
 71822 | Tomb:2   | Killed a greater mummy
 71850 | Tomb:2   | Gained mutation: You occasionally shout uncontrollably at your foes. [mutagenic glow]
 72155 | Tomb:2   | Killed a greater mummy
 72251 | Tomb:2   | Killed a greater mummy
 72457 | Tomb:3   | Killed a greater mummy
 72669 | Tomb:3   | Killed a greater mummy
 72803 | Tomb:3   | Identified the ring "Wofrap" {rElec rC+ MR+ Str-5 Dex+4} (You found it on level 3 of the Tomb of the Ancients)
 72836 | Tomb:3   | Killed a greater mummy
 72917 | Tomb:3   | Got a golden rune of Zot
 73426 | Vaults:5 | Bought a ration for 60 gold pieces
 73426 | Vaults:5 | Bought a ration for 60 gold pieces
 73426 | Vaults:5 | Bought a ration for 60 gold pieces
 73426 | Vaults:5 | Bought a ration for 60 gold pieces
 73426 | Vaults:5 | Bought a ration for 60 gold pieces
 73426 | Vaults:5 | Bought a ration for 60 gold pieces
 73426 | Vaults:5 | Bought a ration for 60 gold pieces
 73634 | Hell     | Found a gateway to the Iron City of Dis.
 73645 | Dis:1    | Entered Level 1 of the Iron City of Dis
 74456 | Dis:5    | Gained mutation: You expend magic power (3 MP) to strengthen your wands. [a cacodemon]
 74981 | Dis:7    | Entered Level 7 of the Iron City of Dis
 75837 | Dis:7    | Reached skill level 10 in Evocations
 75877 | Dis:7    | Corrupted Dis:7
 75880 | Dis:7    | Got an iron rune of Zot
 76050 | Hell     | Found a gateway to the decaying netherworld of Tartarus.
 76059 | Tar:1    | Entered Level 1 of Tartarus
 77242 | Tar:5    | Gained mutation: Armour fits poorly on your strangely shaped body. [mutagenic glow]
 77277 | Tar:5    | Gained mutation: Scrolls take you a little longer to read. [mutagenic glow]
 77278 | Tar:5    | Lost mutation: You are resistant to hostile enchantments. (MR+) [potion of mutation]
 77278 | Tar:5    | Lost mutation: You expend magic power (3 MP) to strengthen your wands. [potion of mutation]
 77278 | Tar:5    | Gained mutation: Your system is resistant to poisons. (rPois) [potion of mutation]
 77278 | Tar:5    | Lost mutation: You occasionally shout uncontrollably at your foes. [potion of mutation]
 77278 | Tar:5    | Gained mutation: Your mind is acute. (Int +2) [potion of mutation]
 77279 | Tar:5    | Lost mutation: Your magical capacity is low. (-10% MP) [potion of mutation]
 77279 | Tar:5    | Lost mutation: Armour fits poorly on your strangely shaped body. [potion of mutation]
 77279 | Tar:5    | Gained mutation: You are partially covered in slimy green scales. (AC +2) [potion of mutation]
 77279 | Tar:5    | Gained mutation: You have an increased reservoir of magic. (+10% MP) [potion of mutation]
 77439 | Tar:7    | Entered Level 7 of Tartarus
 77443 | Tar:7    | Noticed an ancient lich
 77456 | Tar:7    | Killed an ancient lich
 77575 | Tar:7    | Corrupted Tar:7
 77578 | Tar:7    | Noticed Ereshkigal
 77580 | Tar:7    | Got a bone rune of Zot
 77848 | Depths:5 | Found a gate to the Realm of Zot.
 77857 | Zot:1    | Entered Level 1 of the Realm of Zot
 78761 | Zot:5    | Entered Level 5 of the Realm of Zot
 79145 | Zot:5    | Noticed an orb of fire
 79146 | Zot:5    | Corrupted Zot:5
 79162 | Zot:5    | Killed an orb of fire
 79202 | Zot:5    | Noticed an orb of fire
 79204 | Zot:5    | Noticed an orb of fire
 79233 | Zot:5    | Lost mutation: Your mind is acute. (Int +2) [an orb of fire]
 79242 | Zot:5    | Killed an orb of fire
 79242 | Zot:5    | Reached skill level 15 in Necromancy
 79251 | Zot:5    | Noticed an orb of fire
 79264 | Zot:5    | Killed an orb of fire
 79308 | Zot:5    | Noticed an orb of fire
 79321 | Zot:5    | Gained mutation: Your spells are a little easier to cast, but a little less powerful. [an orb of fire]
 79323 | Zot:5    | Killed an orb of fire
 79324 | Zot:5    | Noticed an ancient lich
 79329 | Zot:5    | Killed an ancient lich
 79401 | Zot:5    | Noticed an orb of fire
 79407 | Zot:5    | Gained mutation: You are occasionally teleported next to monsters. [an orb of fire]
 79413 | Zot:5    | Gained mutation: You are frail. (-10% HP) [an orb of fire]
 79416 | Zot:5    | Killed an orb of fire
 79440 | Zot:5    | Lost mutation: You are frail. (-10% HP) [potion of mutation]
 79440 | Zot:5    | Lost mutation: Scrolls take you a little longer to read. [potion of mutation]
 79440 | Zot:5    | Gained mutation: You are resistant to hostile enchantments. (MR+) [potion of mutation]
 79469 | Zot:5    | Gained mutation: You tend to lose your temper in combat. [an orb of fire]
 79478 | Zot:5    | Gained mutation: You are sometimes teleported next to monsters. [an orb of fire]
 79481 | Zot:5    | Killed an orb of fire
 79543 | Zot:5    | Got the Orb of Zot
 79589 | Zot:5    | Noticed an ancient lich
 79596 | Zot:5    | Noticed an ancient lich
 79784 | Depths:4 | Noticed Gloorx Vloq
 79802 | Depths:4 | Mangled by Gloorx Vloq

Vault maps used:
D:1:      dpeg_arrival_line_fractal
D:2:      minmay_tromino_v4_a
D:4:      first_ration, uniq_grinder, uniq_duvessa
D:5:      gammafunk_cloud_chamber, corexii_corridor_pit,
          minmay_misc_feat_nine_boxes, elyvilon_altar_4
D:6:      temple_hall
D:8:      uniq_joseph
D:9:      nicolae_overflow_crystal_walls, serial_shops, shop_fountains
D:10:     hangedman_pestilent_swarm, uniq_erica
D:11:     grunt_lair_entry_orc_guard_hut, david_orc_1_choice, basic_altar,
          kennysheep_generic_room_15
D:12:     kennysheep_pointless_box, grunt_qazlal_clouds
D:13:     lab_entry_generic, portal_ice_cave_rime
D:14:     grunt_vaults_entry_fortified, minmay_crystal_room, minivault_4,
          uniq_roxanne
D:15:     hangedman_depths_entry_try_elsewhere_first, uniq_josephine,
          uniq_rupert, uniq_sonja
Lair:1:   nicolae_volcano_entry_lava_flow
Lair:2:   regret_index_combs_of_tragedy, columned_hall_lemuel,
          beast_lair_carwin_9
Lair:3:   elwin_shoals_entry_stream, lemuel_fruit_tree, uniq_urug
Lair:4:   minmay_snake_entry_guardpost_small, patterned_corridor
Lair:5:   nicolae_quartered_pool_little
Lair:6:   grunt_lair_end_beastmaster, minmay_slime_entry_oklob_enclosed,
          uniq_nessos
Shoals:1: cheibrodos_shoals_roost, nicolae_shoals_siren_and_animal_friends
Shoals:2: lemuel_oklob_altar, uniq_polyphemus, uniq_kirke
Shoals:3: nicolae_shoals_so_close
Shoals:4: shoals_end_simple, shoal_ilsuiw, argonaut_gorgonesque
Snake:1:  nicolae_snake_double_loop, spider_trap, st_stairs_6, uniq_aizul
Snake:2:  basic_altar, serial_shops, shop
Snake:3:  grunt_megastairs_1, basic_stair_grate_trap
Snake:4:  johnstein_snake_rune_scales
Slime:1:  cheibrodos_slime_lost_civilization_9
Slime:2:  cheibrodos_slime_lost_civilization_10
Slime:3:  cheibrodos_slime_lost_civilization_8
Orc:1:    serial_shops, nicolae_shop_stone
Orc:2:    st_orc_congregation, basic_altar, serial_shops, shop, shop,
          uniq_donald
Elf:1:    kennysheep_underground_church, small_chamber_with_monster,
          minmay_shop_star
Elf:2:    minivault_16, kilobyte_mutagenic_chamber
Elf:3:    minmay_elf_hall_curves, serial_shops, bzr_entry_islet, uniq_mara
Vaults:1: v_misc_13, v_misc_1, hangedman_vaults_hard_town_square,
          nicolae_vaults_shelves_hall, ontoclasm_vaults_eye,
          hangedman_vaults_stream, nicolae_vaults_little_squares_1,
          vaults_standard_mumra_x, hangedman_vaults_restitches,
          nicolae_vaults_theta, vaults_room_boxed, vaults_room_hallway,
          vaults_room_mumra_shop_pool
Vaults:2: nicolae_vaults_disjoint_gnomons, nicolae_vaults_network_square,
          st_cells, v_misc_17, minmay_crypt_entry_necro_gods,
          grunt_vaults_hallway_long, v_misc_28,
          nicolae_vaults_diagonal_hallway_8, v_misc_11,
          nicolae_vaults_network_s, serial_shops, shop, basic_altar
Vaults:3: v_misc_22, v_misc_12, vaults_mumra_minichess,
          ontoclasm_vaults_misaligned, v_misc_17, vaults_dpeg_hooks,
          st_more_cells, vaults_room_grunt_arrival_ludios, serial_shops,
          shop_statue
Vaults:4: v_misc_3, nicolae_vaults_circle_grid_a, v_alt_pattern_6,
          vaults_room_corners, st_cells, grunt_vaults_trifunnel,
          nicolae_vaults_little_squares_2, hangedman_vaults_hat, v_pattern_5,
          vaults_dpeg_ring, vaults_room_grid, v_alt_pattern_1, serial_shops,
          shop
Crypt:1:  uniq_mennas
Crypt:2:  uniq_jorgrun, uniq_saint_roka
Crypt:3:  grunt_crypt_end_deaths_head
Tomb:1:   uniq_khufu
Depths:1: minmay_dotted_concentric_squares, enter_ziggurat_c, abyss_entry,
          hell_entry, grunt_decor_resistance, grunt_decor_mini_mirrors,
          st_stairs_8, nzn_random_ring
Depths:2: hangedman_pleasuredromes, serial_shops, hell_entry
Depths:3: kennysheep_spiral_hall, rand_demon_pan_entry_5, abyss_entry,
          hell_entry, infiniplex_staircase_trident, uniq_jory
Depths:4: lemuel_vampire_tower, serial_sigils, serial_sigils_hangedman_confine,
          serial_sigils_hangedman_scratch, serial_sigils_hangedman_stare,
          serial_sigils_hangedman_quiver, grunt_pan_entry_zigzag,
          kennysheep_nub, abyss_entry_crystal, hell_entry
Depths:5: grunt_zot_entry_gee_three, kennysheep_flooded_box,
          hangedman_abyss_entry_splay, pf_coc_iceberg, serial_bayou_shore_b,
          minmay_shop_grove, basic_stair_grate_trap, uniq_margery
Dis:4:    evilmike_ambush
Dis:5:    grunt_dis_stairs_iron_hall
Dis:7:    dis_grunt_layers
Geh:1:    special_room
Geh:2:    gehenna_fire_generator
Geh:6:    lemuel_old_faithful, lemuel_elevator
Geh:7:    geh_grunt
Coc:7:    coc_grunt
Tar:1:    lemuel_nasty_pond
Tar:2:    grunt_tartarus_stairs_gauntlet_trap
Tar:4:    nicolae_tar_cuneiform_bread
Tar:5:    nicolae_tar_cuneiform_water, grunt_megastairs_3
Tar:7:    tar_old
Zot:1:    st_single_dragon_hoard_1
Zot:2:    st_small_dragon_hoard_1
Zot:3:    kennysheep_blocky_hall, st_small_dragon_hoard_2
Zot:4:    stair_cage_line
Abyss:1:  evilmike_abyss_exit_14
Abyss:2:  hangedman_abyss_river_spirits
Abyss:3:  nicolae_abyss_rune_left_handed, evilmike_abyss_exit_glass
Abyss:5:  evilmike_abyss_exit_vortex, evilmike_abyss_exit_4, minivault_26,
          minivault_24
Pan:      evilmike_mini_pan_diamond, grunt_pan_in_and_out,
          nicolae_pan_hourglass, reaverb_pan_chaos_star, mnoleg, rand_demon_2,
          evilmike_mini_pan_diamond, uniq_mnoleg, grunt_pan_zigzag,
          evilmike_mini_pan_corner, uniq_mnoleg, grunt_pan_zigzag, cerebov_st,
          pan_blood_fountain_small, uniq_mnoleg, gloorx_vloq,
          evilmike_mini_pan_T, uniq_gloorx_vloq, reaverb_pan_squares,
          nicolae_pan_giant_door, uniq_gloorx_vloq, pan_blood_fountain_small,
          evilmike_mini_pan_thingy, pan_blood_fountain_small,
          grunt_pan_in_and_out, lom_lobon, pan_blood_fountain_small,
          nicolae_pan_gloorx_vloqian_2, evilmike_mini_pan_corridor,
          nicolae_pan_cerebovesque_2, evilmike_holy_pan
Zig:6:    ziggurat_pillar_centre_oklobs
Zig:11:   ziggurat_pillar_centre_c
Lab:      labyrinth_hidden_loot, nicolae_lab_grate_2, labyrinth_skeletal_remains
Bazaar:   bazaar_long_row
Volcano:  volcano_grotto

Skill      XL: |  1  2  3  4  5  6  7  8  9 10 11 12 13 14 15 16 17 18 19 20 21 22 23 24 25 26 27 |
---------------+----------------------------------------------------------------------------------+-----
Long Blades    | 3 4 5 6 7 9 11 12 13 14 15 16 | 16.0
Invocations    | 3 4 5 7 9 10 11 12 13 15 17 18 | 18.0
Fighting       | 4 5 6 7 9 10 11 13 14 22 | 22.6
Dodging        | 3 5 6 8 10 22 | 22.6
Shields        | 3 5 7 9 10 11 12 14 15 16 18 25 | 25.0
Evocations     | 2 5 10 | 10.0
Summonings     | 2 3 |  3.0
Spellcasting   | 2 4 6 8 9 10 11 12 14 15 23 | 23.0
Armour         | 3 5 7 8 |  8.0
Charms         | 1 5 7 |  7.0
Necromancy     | 1 5 7 9 10 15 | 15.0
Ice Magic      | 3 |  3.0
Translocations | 2 3 20 | 20.0
Throwing       | 5 10 | 10.0
Transmutations | 4 6 9 11 12 | 12.0
Earth Magic    | 4 6 9 11 12 | 12.0
Conjurations   | 5 |  5.0
Unarmed Combat | 4 |  4.3

Action                   |  1- 3 |  4- 6 |  7- 9 | 10-12 | 13-15 | 16-18 | 19-21 | 22-24 | 25-27 || total
-------------------------+-------+-------+-------+-------+-------+-------+-------+-------+-------++-------
Melee: Falchion          |    84 |    76 |   293 |       |       |       |       |       |       ||   453
       Long sword        |       |       |    91 |   298 |   311 |   214 |   285 |    97 |       ||  1296
       Scimitar          |       |       |       |   207 |   528 |    44 |     4 |       |       ||   783
       Double sword      |       |       |       |   102 |   872 |  1286 |  1397 |   762 |  2518 ||  6937
       Kick              |       |       |       |       |       |       |       |   363 |   724 ||  1087
       Demon blade       |       |       |       |       |       |       |       |   773 |   920 ||  1693
       Eudemon blade     |       |       |       |       |       |       |       |       |  4492 ||  4492
       Unarmed           |       |       |       |       |       |       |       |       |    34 ||    34
       Staff             |       |       |       |       |       |       |       |       |     6 ||     6
 Fire: Shortbow          |       |    27 |    59 |       |       |       |       |       |       ||    86
       Hunting sling     |       |     1 |    53 |     6 |    16 |    23 |       |       |       ||    99
       Blowgun           |       |       |       |       |       |       |     6 |    15 |     1 ||    22
Throw: Javelin           |       |       |    39 |    36 |    68 |    45 |   153 |    67 |   108 ||   516
       Stone             |       |       |    13 |       |       |       |       |       |       ||    13
       Tomahawk          |       |       |       |       |     3 |     1 |       |       |       ||     4
       Throwing net      |       |       |       |       |       |       |       |     4 |     6 ||    10
 Cast: Animate Skeleton  |       |       |       |       |    12 |    74 |    59 |    44 |    54 ||   243
       Regeneration      |       |       |       |       |       |   165 |   101 |   111 |   435 ||   812
       Ozocubu's Armour  |       |       |       |       |       |    39 |       |       |       ||    39
       Apportation       |       |       |       |       |       |    24 |    96 |    90 |   291 ||   501
       Animate Dead      |       |       |       |       |       |    11 |    45 |    23 |    24 ||   103
       Vampiric Draining |       |       |       |       |       |     2 |       |       |       ||     2
       Passwall          |       |       |       |       |       |       |       |    70 |    53 ||   123
       Statue Form       |       |       |       |       |       |       |       |    54 |   307 ||   361
       Irradiate         |       |       |       |       |       |       |       |    21 |   141 ||   162
       Excruciating Woun |       |       |       |       |       |       |       |     6 |     1 ||     7
       Borgnjor's Vile C |       |       |       |       |       |       |       |     5 |   266 ||   271
       Sublimation of Bl |       |       |       |       |       |       |       |       |   212 ||   212
       Dispel Undead     |       |       |       |       |       |       |       |       |    41 ||    41
       Death Channel     |       |       |       |       |       |       |       |       |     1 ||     1
       Lee's Rapid Decon |       |       |       |       |       |       |       |       |    81 ||    81
       Passage of Golubr |       |       |       |       |       |       |       |       |   108 ||   108
       Controlled Blink  |       |       |       |       |       |       |       |       |    61 ||    61
       Song of Slaying   |       |       |       |       |       |       |       |       |    44 ||    44
       Disjunction       |       |       |       |       |       |       |       |       |     7 ||     7
       Lesser Beckoning  |       |       |       |       |       |       |       |       |     5 ||     5
Invok: Depart the Abyss  |     1 |       |       |       |       |       |     1 |       |     4 ||     6
       Bend Space        |       |       |    53 |    20 |    31 |    19 |    68 |    43 |    70 ||   304
       Banish            |       |       |     5 |    20 |    33 |    27 |    18 |     4 |    20 ||   127
       Corrupt           |       |       |       |       |       |     1 |       |     1 |     5 ||     7
       Enter the Abyss   |       |       |       |       |       |       |     1 |       |     1 ||     2
       Brand Weapon With |       |       |       |       |       |       |       |     1 |       ||     1
 Abil: End Transformatio |       |       |       |       |       |       |       |     5 |    31 ||    36
       Evoke Berserk Rag |       |       |       |       |       |       |       |       |     3 ||     3
Evoke: Wand              |       |     8 |    10 |    34 |    29 |    45 |    11 |    22 |    40 ||   199
       Lightning rod     |       |       |       |       |    14 |    23 |    22 |    18 |     7 ||    84
       Sack of spiders   |       |       |       |       |     3 |     5 |       |     6 |       ||    14
       Phantom mirror    |       |       |       |       |       |     1 |       |       |     1 ||     2
       Lamp of fire      |       |       |       |       |       |       |     2 |     6 |    10 ||    18
       Phial of floods   |       |       |       |       |       |       |       |     5 |     7 ||    12
       Box of beasts     |       |       |       |       |       |       |       |       |     6 ||     6
  Use: Potion            |     2 |     2 |     4 |     2 |     5 |     4 |     4 |     5 |    62 ||    90
       Scroll            |     2 |     4 |     2 |    13 |    18 |    10 |     8 |    21 |   103 ||   181
 Stab: Sleeping          |       |     1 |       |     1 |     3 |     1 |       |       |    16 ||    22
       Confused          |       |       |       |     1 |       |       |       |       |     1 ||     2
       Distracted        |       |       |       |       |     2 |     7 |     8 |     6 |    26 ||    49
       Held in net/web   |       |       |       |       |       |     1 |       |       |     4 ||     5
       Petrified         |       |       |       |       |       |    11 |       |       |       ||    11
       Invisible         |       |       |       |       |       |     4 |       |       |       ||     4
       Paralysed         |       |       |       |       |       |       |     1 |       |     8 ||     9
  Eat: Chunk             |       |     5 |    14 |    13 |    39 |    30 |    37 |    48 |    57 ||   243
       Ration            |       |       |     1 |     4 |     1 |     7 |     3 |     6 |    81 ||   103
Armor: Leather armour    |    28 |       |       |    74 |       |       |       |       |       ||   102
       Ring mail         |       |    31 |   180 |    12 |       |    23 |       |       |       ||   246
       Skin              |       |    15 |       |       |       |     1 |       |   536 |  2905 ||  3457
       Troll leather arm |       |       |       |    33 |   273 |   247 |       |    24 |   138 ||   715
       Chain mail        |       |       |       |       |       |    35 |   377 |   169 |       ||   581
Dodge: Dodged            |    57 |    51 |   172 |   222 |   618 |   657 |   517 |   945 |  5222 ||  8461
       Deflected         |       |       |       |       |       |       |    53 |    67 |   163 ||   283
Block: Shield            |       |       |    97 |   238 |   915 |  1073 |  1007 |  1306 |    80 ||  4716
       Reflection        |       |       |       |       |       |     1 |   128 |    97 |     3 ||   229
       Large shield      |       |       |       |       |       |       |       |       | 14367 || 14367
       Rpst.: Falchion   |    20 |    15 |    50 |       |       |       |       |       |       ||    85
       Long sword        |       |       |     3 |    38 |    21 |     9 |    17 |    10 |       ||    98
       Scimitar          |       |       |       |    21 |    60 |     1 |       |       |       ||    82
       Double sword      |       |       |       |     8 |    76 |    95 |   104 |    94 |   257 ||   634
       Demon blade       |       |       |       |       |       |       |       |    87 |    74 ||   161
       Eudemon blade     |       |       |       |       |       |       |       |       |   552 ||   552

Table legend:
 A = Spawn XP
 B = Non-spawn XP
 C = Spawn XP percentage of total XP
 D = Spawn monster count
 E = Non-spawn monster count
 F = Spawn count percentage of total count
 G = Total turns spent on level
                    A         B        C        D         E        F      G
               +---------+---------+-------+---------+---------+-------+---------
         Total |  138698 | 2905065 |   4.6 |     212 |    4231 |   4.8 | 79802
               +---------+---------+-------+---------+---------+-------+---------
           D:1 |       0 |      33 |   0.0 |       0 |      19 |   0.0 |   510
           D:2 |       0 |      32 |   0.0 |       0 |      11 |   0.0 |   385
           D:3 |       0 |     185 |   0.0 |       0 |      15 |   0.0 |   761
           D:4 |       0 |     953 |   0.0 |       0 |      17 |   0.0 |   576
           D:5 |       0 |     270 |   0.0 |       0 |      16 |   0.0 |  1223
           D:6 |       0 |    1373 |   0.0 |       0 |      23 |   0.0 |  1806
           D:7 |       0 |    1141 |   0.0 |       0 |      28 |   0.0 |  1309
           D:8 |       0 |     706 |   0.0 |       0 |      12 |   0.0 |  1212
           D:9 |       0 |    1520 |   0.0 |       0 |      17 |   0.0 |  1213
          D:10 |       0 |    3536 |   0.0 |       0 |      24 |   0.0 |   956
          D:11 |       0 |    8987 |   0.0 |       0 |      54 |   0.0 |  2057
          D:12 |       0 |    5145 |   0.0 |       0 |      30 |   0.0 |  1371
          D:13 |       0 |    7925 |   0.0 |       0 |      41 |   0.0 |   995
          D:14 |       0 |   25772 |   0.0 |       0 |      65 |   0.0 |  1489
          D:15 |       0 |   21906 |   0.0 |       0 |      50 |   0.0 |  1753
        Lair:1 |       0 |    2031 |   0.0 |       0 |      10 |   0.0 |   566
        Lair:2 |       0 |    8126 |   0.0 |       0 |      59 |   0.0 |  1056
        Lair:3 |       0 |    5162 |   0.0 |       0 |      19 |   0.0 |   762
        Lair:4 |       0 |   10670 |   0.0 |       0 |      36 |   0.0 |  1261
        Lair:5 |       0 |   17115 |   0.0 |       0 |      64 |   0.0 |  1396
        Lair:6 |       0 |   14974 |   0.0 |       0 |      39 |   0.0 |  1063
      Shoals:1 |       0 |   13986 |   0.0 |       0 |      30 |   0.0 |   524
      Shoals:2 |       0 |   10333 |   0.0 |       0 |      18 |   0.0 |   512
      Shoals:3 |       0 |   18719 |   0.0 |       0 |      44 |   0.0 |   832
      Shoals:4 |       0 |   31336 |   0.0 |       0 |      60 |   0.0 |  1297
       Snake:1 |       0 |   17317 |   0.0 |       0 |      39 |   0.0 |  1117
       Snake:2 |       0 |   23024 |   0.0 |       0 |      46 |   0.0 |   994
       Snake:3 |       0 |   29161 |   0.0 |       0 |      52 |   0.0 |  2056
       Snake:4 |       0 |   30508 |   0.0 |       0 |      49 |   0.0 |  1336
       Slime:1 |       0 |    4693 |   0.0 |       0 |       3 |   0.0 |    32
       Slime:2 |       0 |   12343 |   0.0 |       0 |      17 |   0.0 |   131
       Slime:3 |       0 |   14813 |   0.0 |       0 |      33 |   0.0 |   189
       Slime:4 |       0 |    4995 |   0.0 |       0 |       8 |   0.0 |    86
       Slime:5 |       0 |   30519 |   0.0 |       0 |      20 |   0.0 |   276
         Orc:1 |       0 |    3915 |   0.0 |       0 |      30 |   0.0 |   532
         Orc:2 |       0 |   11007 |   0.0 |       0 |     100 |   0.0 |  1789
         Elf:1 |       0 |    8923 |   0.0 |       0 |      15 |   0.0 |   697
         Elf:2 |       0 |   32720 |   0.0 |       0 |      41 |   0.0 |  1287
         Elf:3 |       0 |   25943 |   0.0 |       0 |      27 |   0.0 |  1428
      Vaults:1 |       0 |   41984 |   0.0 |       0 |      84 |   0.0 |  2586
      Vaults:2 |       0 |   38883 |   0.0 |       0 |      56 |   0.0 |  1682
      Vaults:3 |       0 |   32397 |   0.0 |       0 |      64 |   0.0 |  1359
      Vaults:4 |       0 |   61498 |   0.0 |       0 |      89 |   0.0 |  1791
      Vaults:5 |       0 |  127074 |   0.0 |       0 |     132 |   0.0 |  1322
       Crypt:1 |       0 |   11253 |   0.0 |       0 |      13 |   0.0 |   584
       Crypt:2 |       0 |   27357 |   0.0 |       0 |      27 |   0.0 |   660
       Crypt:3 |       0 |   74415 |   0.0 |       0 |     110 |   0.0 |  1301
        Tomb:1 |       0 |  171144 |   0.0 |       0 |      75 |   0.0 |  2676
        Tomb:2 |       0 |   52752 |   0.0 |       0 |      45 |   0.0 |  1865
        Tomb:3 |       0 |   53705 |   0.0 |       0 |      71 |   0.0 |   477
      Depths:1 |       0 |   59321 |   0.0 |       0 |      70 |   0.0 |  1524
      Depths:2 |       0 |   85658 |   0.0 |       0 |      85 |   0.0 |  1516
      Depths:3 |       0 |   38090 |   0.0 |       0 |      55 |   0.0 |   867
      Depths:4 |       0 |   57595 |   0.0 |       0 |      89 |   0.0 |  1060
      Depths:5 |       0 |   24633 |   0.0 |       0 |      19 |   0.0 |   197
          Hell |       0 |   53782 |   0.0 |       0 |      80 |   0.0 |   805
         Dis:1 |       0 |   30119 |   0.0 |       0 |      66 |   0.0 |   355
         Dis:2 |       0 |    5206 |   0.0 |       0 |      19 |   0.0 |    93
         Dis:3 |       0 |   13145 |   0.0 |       0 |      21 |   0.0 |   291
         Dis:5 |       0 |   64562 |   0.0 |       0 |     140 |   0.0 |   775
         Dis:6 |       0 |    3654 |   0.0 |       0 |       4 |   0.0 |    38
         Dis:7 |       0 |  114196 |   0.0 |       0 |      87 |   0.0 |   690
         Geh:1 |       0 |   27011 |   0.0 |       0 |      68 |   0.0 |   302
         Geh:2 |       0 |   13785 |   0.0 |       0 |      16 |   0.0 |   108
         Geh:3 |       0 |   40443 |   0.0 |       0 |      77 |   0.0 |   349
         Geh:4 |       0 |   30978 |   0.0 |       0 |      58 |   0.0 |   312
         Geh:5 |       0 |   26317 |   0.0 |       0 |      40 |   0.0 |   138
         Geh:6 |       0 |   36044 |   0.0 |       0 |      63 |   0.0 |   224
         Geh:7 |       0 |   78847 |   0.0 |       0 |      81 |   0.0 |   610
         Coc:1 |       0 |   12723 |   0.0 |       0 |      18 |   0.0 |   212
         Coc:2 |       0 |    6442 |   0.0 |       0 |      14 |   0.0 |   169
         Coc:3 |       0 |    2584 |   0.0 |       0 |       8 |   0.0 |    48
         Coc:4 |       0 |   22874 |   0.0 |       0 |      57 |   0.0 |   321
         Coc:5 |       0 |    1701 |   0.0 |       0 |       4 |   0.0 |    23
         Coc:6 |       0 |    1050 |   0.0 |       0 |       3 |   0.0 |    55
         Coc:7 |       0 |   67671 |   0.0 |       0 |      85 |   0.0 |   567
         Tar:1 |       0 |   23917 |   0.0 |       0 |      25 |   0.0 |    87
         Tar:2 |       0 |   79797 |   0.0 |       0 |     124 |   0.0 |   779
         Tar:3 |       0 |   20861 |   0.0 |       0 |      25 |   0.0 |   143
         Tar:4 |       0 |    8576 |   0.0 |       0 |      21 |   0.0 |   116
         Tar:5 |       0 |   12253 |   0.0 |       0 |      21 |   0.0 |   182
         Tar:6 |       0 |    6923 |   0.0 |       0 |      16 |   0.0 |    73
         Tar:7 |       0 |   29012 |   0.0 |       0 |      17 |   0.0 |   158
         Zot:1 |       0 |   36092 |   0.0 |       0 |      22 |   0.0 |   339
         Zot:2 |       0 |   24535 |   0.0 |       0 |      18 |   0.0 |   494
         Zot:3 |       0 |   11727 |   0.0 |       0 |       5 |   0.0 |   145
         Zot:4 |       0 |   24481 |   0.0 |       0 |      17 |   0.0 |    75
         Zot:5 |       0 |  139947 |   0.0 |       0 |      45 |   0.0 |   833
       Abyss:1 |   20570 |   49354 |  29.4 |      48 |      62 |  43.6 |  1181
       Abyss:2 |    5459 |    6936 |  44.0 |      14 |      18 |  43.8 |   303
       Abyss:3 |    8082 |    9794 |  45.2 |      13 |      20 |  39.4 |   504
       Abyss:5 |   28046 |    2714 |  91.2 |      47 |      10 |  82.5 |   447
           Pan |   76541 |  282659 |  21.3 |      90 |     270 |  25.0 |  5554
         Zig:1 |       0 |    2910 |   0.0 |       0 |       2 |   0.0 |    62
         Zig:2 |       0 |    1309 |   0.0 |       0 |       4 |   0.0 |    59
         Zig:3 |       0 |    3822 |   0.0 |       0 |       4 |   0.0 |    58
         Zig:4 |       0 |    3038 |   0.0 |       0 |       6 |   0.0 |    58
         Zig:5 |       0 |    2805 |   0.0 |       0 |       6 |   0.0 |    51
         Zig:6 |       0 |   11725 |   0.0 |       0 |      16 |   0.0 |   103
         Zig:7 |       0 |   10655 |   0.0 |       0 |      10 |   0.0 |    60
         Zig:8 |       0 |    7031 |   0.0 |       0 |      22 |   0.0 |   162
         Zig:9 |       0 |    7637 |   0.0 |       0 |      21 |   0.0 |    97
        Zig:10 |       0 |    8948 |   0.0 |       0 |      24 |   0.0 |    86
        Zig:11 |       0 |    1540 |   0.0 |       0 |       2 |   0.0 |    18
           Lab |       0 |    1149 |   0.0 |       0 |       3 |   0.0 |   635
       Volcano |       0 |     208 |   0.0 |       0 |       1 |   0.0 |    50
               +---------+---------+-------+---------+---------+-------+---------
